Workbook
Name COMPLEJIDAD: #REF!
Name ESTADO: 'R. PUNTAJES'!$G$11
Name ExEspDir: #REF!
Name ExEspRes: #REF!
Name ExGenDir: #REF!
Name ExGenRes: #REF!
Name fcierre: #REF!
Name FcierreO: #REF!
Name MOBILIARIO: #REF!
Name PDISC: #REF!
Name PECONO: #REF!
Name PEEMUJ: #REF!
Name PEQUIPO: #REF!
Name PerfDirect: #REF!
Name PerfResid: #REF!
Name PFASOS: #REF!
Name PFSOSTE: #REF!
Name PINNAL: #REF!
Name PMIPYME: #REF!
Name POESPEC: #REF!
Name POSMMLV: #REF!
Name TPosDir: #REF!
Name TPosRe: #REF!
Name VTEREQ: #REF!

Sheet INFORME
E2: CONCURSO DE MÉRITOS | F2: CM-008-2026 | G2: OBJETO | H2: INTERVENTORIA TÉCNICA, ADMINISTRATIVA, CONTABLE, LEGAL, AMBIENTAL Y FINANCIERA PARA LAS OBRAS DE CONSTRUCCIÓN, ADECUACIÓN Y MANTENIMIENTO DE CANCHAS SINTÉTICAS DE FÚTBOL Y MICROFÚTBOL ADMINISTRADAS POR EL INDER MEDELLÍN.
E4: Presupuesto Base de Evaluacion | G4: SMMLV | H4: P.O en SMMLV SMMLV | K4: FECHA CIERRE
E5: 424449433 | G5: 1750905 | H5: =E5/G5 -> 242.41717 | K5: 46139
E6: TRM: del martes XX de XXXXdel 2026 | G6: Método de ponderación | H6: Estadistico usado para ponderar :
E7: =+'P. EXP'!H13 -> 3759 | G7: =+'P. EXP'!F15 -> MEDIANA CON VALOR ABSOLUTO | H7: =+'P. EXP'!H38 -> 470.34
A8: filtro
A9: =+A10 -> 1
A10: =+IF(OR(C10=""),"NO",1) -> 1 | B10: =1+MAX($B$1:B9) -> 1 | C10: 1 | E10: PROPONENTE # 1: VALLEJO H INGENIEROS CONSULTORES CONSTRUCTORES S.A.S. - BIC
A11: =A10 -> 1 | E11: Integrantes | K11: Nit | L11: Part.
A12: =+A11 -> 1 | C12: 1.1 | E12: VALLEJO H INGENIEROS CONSULTORES CONSTRUCTORES S.A.S. - BIC | K12: 900416314-9 | L12: 1
A13: =+IF(OR(C13=""),"NO",1) -> NO
A14: =+IF(OR(C14=""),"NO",1) -> NO
A15: =+IF(OR(C15=""),"NO",1) -> NO
A16: =+IF(OR(C16=""),"NO",1) -> NO
A17: =+IF(OR(C17=""),"NO",1) -> NO
A18: =+A10 -> 1
A19: =+A10 -> 1 | E19: RESULTADO DE EVALUACIÓN TÉCNICA
A20: =+A10 -> 1 | F20: Experiencia | L20: CUMPLE
A21: =+A10 -> 1 | E21: OBSERVACIONES RESPECTO A LA EVALUACIÓN DE EXPERIENCIA
A22: =+A10 -> 1
A23: =+A10 -> 1
A24: =+A10 -> 1 | E24: EXPERIENCIA HABILITANTE: CONTRATOS PRESENTADOS
A25: =+A10 -> 1
A26: =+IF(OR(C26=""),"NO",1) -> 1 | C26: A1 | E26: 1 | F26: OBJETO | G26: INTERVENTORIA TECNICA, ADMINISTRATIVA, JURIDICA Y FINANCIERA AL CONTRATO DE LAS OBRAS DE TERMINACIÓN DE LA CONSTRUCCIÓN DEL EQUPAMENTO EDUCATIVO, PEDAGOGICO Y CULTURAL EL ENSUEÑO EN LA CIUDAD DE BOGOTA.
A27: =+IF(OR(C26=""),"NO",1) -> 1 | F27: CONTRATANTE | G27: SECRETARIA DE EDUCACIÓN
A28: =+IF(OR(C26=""),"NO",1) -> 1 | F28: APORTANTE | G28: VALLEJO H INGENIEROS CONSULTORES CONSTRUCTORES S.A.S. - BIC
A29: =+IF(OR(C26=""),"NO",1) -> 1 | F29: VALOR /SMMLV) | G29: 2110.12 | H29: % PART.. | I29: 0.3 | J29: VALOR ACREDITADO | L29: 633.04
A30: =+IF(OR(C26=""),"NO",1) -> 1 | F30: EXPERIENCIA APORTADA | G30: CUMPLE
A31: =+IF(OR(C26=""),"NO",1) -> 1 | F31: OBSERVACIÓN
A32: =+IF(OR(C26=""),"NO",1) -> 1
A33: =+IF(OR(C33=""),"NO",1) -> 1 | C33: B1 | E33: 2 | F33: =+$F$26 -> OBJETO | G33: Realizar la Interventoría técnica, administrativa y financiera del contrato resultante de la licitación pública cuyo objeto es: “Contratar mediante el sistema de precios unitarios fijos, el mantenimiento, recuperación y adecuación de la infraestructura física de los parques catalogados como Grandes Escenarios que conforman el del sistema distrital de parques"
A34: =+IF(OR(C33=""),"NO",1) -> 1 | F34: =+$F$27 -> CONTRATANTE | G34: Instituto Distrital de Recreacion y Deporte - IDRD
A35: =+IF(OR(C33=""),"NO",1) -> 1 | F35: =+$F$28 -> APORTANTE | G35: VALLEJO H INGENIEROS CONSULTORES CONSTRUCTORES S.A.S. - BIC
A36: =+IF(OR(C33=""),"NO",1) -> 1 | F36: =+$F$29 -> VALOR /SMMLV) | G36: 490.38 | H36: =+$H$29 -> % PART.. | I36: 1 | J36: =+$J$29 -> VALOR ACREDITADO | L36: 490.38
A37: =+IF(OR(C33=""),"NO",1) -> 1 | F37: =+$F$30 -> EXPERIENCIA APORTADA | G37: CUMPLE
A38: =+IF(OR(C33=""),"NO",1) -> 1 | F38: =+$F$31 -> OBSERVACIÓN
A39: =+IF(OR(C33=""),"NO",1) -> 1
A40: =+IF(OR(C40=""),"NO",1) -> 1 | C40: C1 | E40: 3 | F40: =+$F$26 -> OBJETO | G40: INTERVENTORÍA TÉCNICA, ADMINISTRATIVA, CONTABLE, JURÍDICA, FINANCIERA Y AMBIENTAL PARA OBRAS DE CONSTRUCCIÓN, ADECUACIÓN Y MANTENIMIENTO DE LAS CANCHAS EN CÉSPED SINTÉTICO ADMINISTRADAS POR EL INDER
A41: =+IF(OR(C40=""),"NO",1) -> 1 | F41: =+$F$27 -> CONTRATANTE | G41: INSTITUTO DE DEPORTES Y RECREACION - INDER
A42: =+IF(OR(C40=""),"NO",1) -> 1 | F42: =+$F$28 -> APORTANTE | G42: VALLEJO H INGENIEROS CONSULTORES CONSTRUCTORES S.A.S. - BIC
A43: =+IF(OR(C40=""),"NO",1) -> 1 | F43: =+$F$29 -> VALOR /SMMLV) | G43: 307.9 | H43: =+$H$29 -> % PART.. | I43: 1 | J43: =+$J$29 -> VALOR ACREDITADO | L43: 307.9
A44: =+IF(OR(C40=""),"NO",1) -> 1 | F44: =+$F$30 -> EXPERIENCIA APORTADA | G44: CUMPLE
A45: =+IF(OR(C40=""),"NO",1) -> 1 | F45: =+$F$31 -> OBSERVACIÓN
A46: =+IF(OR(C40=""),"NO",1) -> 1
A47: =+IF(OR(C47=""),"NO",1) -> NO | E47: 4 | F47: =+$F$26 -> OBJETO
A48: =+IF(OR(C47=""),"NO",1) -> NO | F48: =+$F$27 -> CONTRATANTE
A49: =+IF(OR(C47=""),"NO",1) -> NO | F49: =+$F$28 -> APORTANTE
A50: =+IF(OR(C47=""),"NO",1) -> NO | F50: =+$F$29 -> VALOR /SMMLV) | H50: =+$H$29 -> % PART.. | J50: =+$J$29 -> VALOR ACREDITADO
A51: =+IF(OR(C47=""),"NO",1) -> NO | F51: =+$F$30 -> EXPERIENCIA APORTADA
A52: =+IF(OR(C47=""),"NO",1) -> NO | F52: =+$F$31 -> OBSERVACIÓN
A53: =+IF(OR(C47=""),"NO",1) -> NO
A54: =+IF(OR(C54=""),"NO",1) -> NO | E54: 5 | F54: =+$F$26 -> OBJETO
A55: =+IF(OR(C54=""),"NO",1) -> NO | F55: =+$F$27 -> CONTRATANTE
A56: =+IF(OR(C54=""),"NO",1) -> NO | F56: =+$F$28 -> APORTANTE
A57: =+IF(OR(C54=""),"NO",1) -> NO | F57: =+$F$29 -> VALOR /SMMLV) | H57: =+$H$29 -> % PART.. | J57: =+$J$29 -> VALOR ACREDITADO
A58: =+IF(OR(C54=""),"NO",1) -> NO | F58: =+$F$30 -> EXPERIENCIA APORTADA
A59: =+IF(OR(C54=""),"NO",1) -> NO | F59: =+$F$31 -> OBSERVACIÓN
A60: =+IF(OR(C54=""),"NO",1) -> NO
A61: =+IF(OR(C61=""),"NO",1) -> NO | E61: 6 | F61: =+$F$26 -> OBJETO
A62: =+IF(OR(C61=""),"NO",1) -> NO | F62: =+$F$27 -> CONTRATANTE
A63: =+IF(OR(C61=""),"NO",1) -> NO | F63: =+$F$28 -> APORTANTE
A64: =+IF(OR(C61=""),"NO",1) -> NO | F64: =+$F$29 -> VALOR /SMMLV) | H64: =+$H$29 -> % PART.. | J64: =+$J$29 -> VALOR ACREDITADO
A65: =+IF(OR(C61=""),"NO",1) -> NO | F65: =+$F$30 -> EXPERIENCIA APORTADA
A66: =+IF(OR(C61=""),"NO",1) -> NO | F66: =+$F$31 -> OBSERVACIÓN
A67: =+IF(OR(C61=""),"NO",1) -> NO
A68: =+IF(OR(C68=""),"NO",1) -> NO | E68: 7 | F68: =+$F$26 -> OBJETO
A69: =+IF(OR(C68=""),"NO",1) -> NO | F69: =+$F$27 -> CONTRATANTE
A70: =+IF(OR(C68=""),"NO",1) -> NO | F70: =+$F$28 -> APORTANTE
A71: =+IF(OR(C68=""),"NO",1) -> NO | F71: =+$F$29 -> VALOR /SMMLV) | H71: =+$H$29 -> % PART.. | J71: =+$J$29 -> VALOR ACREDITADO
A72: =+IF(OR(C68=""),"NO",1) -> NO | F72: =+$F$30 -> EXPERIENCIA APORTADA
A73: =+IF(OR(C68=""),"NO",1) -> NO | F73: =+$F$31 -> OBSERVACIÓN
A74: =+IF(OR(C68=""),"NO",1) -> NO
A75: =+A10 -> 1 | C75: ="N"&C10 -> N1 | F75: TOTAL DE CONTRATOS PRESENTADOS VÁLIDOS QUE CUMPLEN EXPERIENCIA ACREDITADA: | L75: 3
A76: =+A10 -> 1
A77: =+A10 -> 1 | F77: ACREDITA SUMINISTRO E INSTALACIÓN DE MOBILIARIO POR LO MENOS EN UN (1) CONTRATO VÁLIDO | L77: N.A.
A78: =+A10 -> 1
A79: =+A10 -> 1 | E79: EXPERIENCIA ESPECÍFICA NUMERAL 10.1.1 A
A80: =+A10 -> 1 | F80: Por lo menos uno (1) de los contratos válidos aportados como experiencia general debe corresponder mínimo al 60% del presupuesto oficial del presente proceso de selección. (SMMLV) | K80: 145.4503 | L80: CUMPLE
A81: =+A10 -> 1 | F81: Deberá acreditarse en al menos uno (1) de los contratos válidos aportados como experiencia general una | K81: CANCHA SINTÉTICA | L81: CUMPLE
A82: NO | F82: Deberá acreditarse en al menos uno (1) de los contratos válidos aportados interventoría a intervención de | L82: NO APLICA
A83: NO | F83: Deberá acreditarse en al menos uno (1) de los contratos válidos aportados interventoría a intervención de | L83: NO APLICA
A84: =+A10 -> 1
A85: =+A10 -> 1 | E85: VALOR MÍNIMO A CERIFICAR % P.O EN SMMMLV. NUMERAL 3.9.1
A86: =+A10 -> 1 | C86: ="M"&C10 -> M1 | E86: 100% P.O. | G86: 242.41717 | H86: TOTAL EJECUTADO DE CONTRATOS ACREDITADOS | K86: 1431.32 | L86: CUMPLE
A87: =+A10 -> 1
A88: NO | E88: CONSIDERACIONES PARA LA VALIDEZ DE LA EXPERIENCIA REQUERIDA: EXPERIENCIA PROPONENTES PLURALES NUMERAL 10.1.2 D
A89: NO | C89: ="O"&C10 -> O1 | E89: i) | F89: Uno de los integrantes debe aportar como mínimo el cincuenta por ciento (50 %) de la experiencia solicitada | L89: NO APLICA
A90: NO | C90: ="O"&C10 -> O1 | E90: ii) | F90: Todos los demás ntegrantes deben acreditar al menos el cinco por ciento (5 %) de la experiencia solicitada, solo uno (1) de los integrantes podrá no acreditar experiencia pero su porcentaje de participación no podrá superar el diez por ciento (10 %) | L90: NO APLICA
A91: NO
A92: =+A10 -> 1 | E92: VERIFICACIÓN Y ASIGNACIÓN DE PUNTAJE POR LA EXPERIENCIA DEL PROPONENTE
A93: =+A10 -> 1 | F93: No. CONTRATOS QUE ACREDITAN LA EXPERIENCIA (NO OBJETO DE SUBSANACIÓN) | L93: 3
A94: =+A10 -> 1 | F94: TOTAL EJECUTADO DE CONTRATOS ACREDITADOS PROPUESTA INICIAL | L94: 1431.32
A95: =+A10 -> 1 | F95: PROMEDIO VALOR ACREDITADO EN SMMLV | L95: 477.11
A96: =+A10 -> 1
A97: =+A10 -> 1 | E97: 3.9.2 EXIGENCIAS MÍNIMAS DE EXPERIENCIA Y FORMACIÓN ACADÉMICA DEL EQUIPO DE TRABAJO
A98: =+A10 -> 1 | E98: Formulario 8 | F98: Personal Clave Evaluable
A99: =+A10 -> 1 | E99: SI | F99: Director de Interventoría | G99: Residente de Interventoría
A100: =+A10 -> 1 | E100: OBSERVACIONES RESPECTO REQUISITO HABILITANTE DEL PERSONAL CLAVE EVALUABLE
A101: =+A10 -> 1
A102: =+A10 -> 1
...

Sheet R. PUNTAJES
B3: ESCENARIOS DEPORTIVOS Y RECREATIVOS
B5: CONCURSO DE MÉRITOS No. CM-008-2026
B7: OBJETO: INTERVENTORIA TÉCNICA, ADMINISTRATIVA, CONTABLE, LEGAL, AMBIENTAL Y FINANCIERA PARA LAS OBRAS DE CONSTRUCCIÓN, ADECUACIÓN Y MANTENIMIENTO DE CANCHAS SINTÉTICAS DE FÚTBOL Y MICROFÚTBOL ADMINISTRADAS POR EL INDER MEDELLÍN.
B9: =+COLUMNS($B$9:B9) -> 1 | C9: =+COLUMNS($B$9:C9) -> 2 | D9: =+COLUMNS($B$9:D9) -> 3 | E9: =+COLUMNS($B$9:E9) -> 4 | F9: =+COLUMNS($B$9:F9) -> 5 | G9: =+COLUMNS($B$9:G9) -> 6 | H9: =+COLUMNS($B$9:H9) -> 7 | I9: =+COLUMNS($B$9:I9) -> 8 | ... R9: =+COLUMNS($B$9:R9) -> 17
C10: =+COLUMNS($C$10:C10) -> 1 | D10: =+COLUMNS($C$10:D10) -> 2 | E10: =+COLUMNS($C$10:E10) -> 3 | F10: =+COLUMNS($C$10:F10) -> 4 | G10: =+COLUMNS($C$10:G10) -> 5 | H10: =+COLUMNS($C$10:H10) -> 6 | I10: =+COLUMNS($C$10:I10) -> 7 | J10: =+COLUMNS($C$10:J10) -> 8 | ... R10: =+COLUMNS($C$10:R10) -> 16
F11: RESULTADO FINAL DEL PROCESO DE EVALUACIÓN | G11: PRELIMINAR
B12: CONSECUTIVO | C12: PROPONENTE NÚMERO | D12: NOMBRE PROPONENTE | E12: EVALUACIÓN JURIDICA | F12: EVALUACIÓN TÉCNICA | G12: EVALUACIÓN FINANCIERA | H12: CALIFICACIÓN OBTENIDA | I12: PUNTAJES OTORGADOS A LOS SIGUIENTES CRITERIOS: | P12: RESTA DE PUNTAJES | R12: EXPERIENCIA DEL PROPONENTE
I13: Experiencia específica adicional | J13: Formación académica adicional | K13: Factor de Sostenibilidad | L13: Apoyo a la industria nacional | M13: Proponentes con trabajadores con discapacidad | N13: Emprendimientos y empresas de mujeres | O13: MIPYME | P13: Obra Civil Inconclusa | Q13: Imposición de Multas
B14: 1 | C14: 1 | D14: VALLEJO H INGENIEROS CONSULTORES CONSTRUCTORES S.A.S. - BIC | E14: CUMPLE | F14: CUMPLE | G14: CUMPLE | H14: =IF(COUNTBLANK(E14:G14)>0,"",(IF(COUNTIF(E14:G14,"RECHAZADO")>0,"RECHAZADO",IF(COUNTIF(E14:G14,"NO CUMPLE")>0,"NO CUMPLE","CUMPLE")))) -> CUMPLE | I14: 5 | J14: 5 | K14: 1 | L14: 20 | M14: 1 | N14: 0.25 | P14: 0 | Q14: 0 | R14: =+IF(ISTEXT(VLOOKUP(C14,'P. EXP'!$D$29:$H$214,5,0)),"",VLOOKUP(C14,'P. EXP'!$D$29:$H$214,5,0)) -> 66.774817
B15: 2 | C15: 2 | D15: GRUPO INTECON S.A.S. | E15: CUMPLE | F15: CUMPLE | G15: CUMPLE | H15: =IF(COUNTBLANK(E15:G15)>0,"",(IF(COUNTIF(E15:G15,"RECHAZADO")>0,"RECHAZADO",IF(COUNTIF(E15:G15,"NO CUMPLE")>0,"NO CUMPLE","CUMPLE")))) -> CUMPLE | I15: 5 | J15: 5 | K15: 1 | L15: 20 | M15: 1 | N15: 0.25 | P15: 0 | Q15: 0 | R15: =+IF(ISTEXT(VLOOKUP(C15,'P. EXP'!$D$29:$H$214,5,0)),"",VLOOKUP(C15,'P. EXP'!$D$29:$H$214,5,0)) -> 63.378242
B16: 3 | C16: 3 | D16: AIM ENGINEERING S.A.S | E16: CUMPLE | F16: CUMPLE | G16: CUMPLE | H16: =IF(COUNTBLANK(E16:G16)>0,"",(IF(COUNTIF(E16:G16,"RECHAZADO")>0,"RECHAZADO",IF(COUNTIF(E16:G16,"NO CUMPLE")>0,"NO CUMPLE","CUMPLE")))) -> CUMPLE | I16: 5 | J16: 5 | K16: 1 | L16: 20 | M16: 1 | N16: 0.25 | P16: 0 | Q16: 0 | R16: =+IF(ISTEXT(VLOOKUP(C16,'P. EXP'!$D$29:$H$214,5,0)),"",VLOOKUP(C16,'P. EXP'!$D$29:$H$214,5,0)) -> 47.608225
B17: 4 | C17: 4 | D17: ICONSULTING S.A.S. | E17: CUMPLE | F17: CUMPLE | G17: CUMPLE | H17: =IF(COUNTBLANK(E17:G17)>0,"",(IF(COUNTIF(E17:G17,"RECHAZADO")>0,"RECHAZADO",IF(COUNTIF(E17:G17,"NO CUMPLE")>0,"NO CUMPLE","CUMPLE")))) -> CUMPLE | I17: 5 | J17: 5 | K17: 1 | L17: 20 | M17: 1 | N17: 0.25 | P17: 0 | Q17: 0 | R17: =+IF(ISTEXT(VLOOKUP(C17,'P. EXP'!$D$29:$H$214,5,0)),"",VLOOKUP(C17,'P. EXP'!$D$29:$H$214,5,0)) -> 61.195965
B18: 5 | C18: 5 | D18: CONSORCIO CANCHAS CM-008-2026 | E18: CUMPLE | F18: CUMPLE | G18: CUMPLE | H18: =IF(COUNTBLANK(E18:G18)>0,"",(IF(COUNTIF(E18:G18,"RECHAZADO")>0,"RECHAZADO",IF(COUNTIF(E18:G18,"NO CUMPLE")>0,"NO CUMPLE","CUMPLE")))) -> CUMPLE | I18: 5 | J18: 5 | K18: 1 | L18: 20 | M18: 0 | N18: 0 | P18: 0 | Q18: 0 | R18: =+IF(ISTEXT(VLOOKUP(C18,'P. EXP'!$D$29:$H$214,5,0)),"",VLOOKUP(C18,'P. EXP'!$D$29:$H$214,5,0)) -> 23.447602
B19: 6 | C19: 6 | D19: CONSTRUCCIONES E INVERSIONES ASOCIATIVAS | E19: CUMPLE | F19: CUMPLE | G19: CUMPLE | H19: =IF(COUNTBLANK(E19:G19)>0,"",(IF(COUNTIF(E19:G19,"RECHAZADO")>0,"RECHAZADO",IF(COUNTIF(E19:G19,"NO CUMPLE")>0,"NO CUMPLE","CUMPLE")))) -> CUMPLE | I19: 5 | J19: 5 | K19: 1 | L19: 20 | M19: 0 | N19: 0.25 | P19: 0 | Q19: 0 | R19: =+IF(ISTEXT(VLOOKUP(C19,'P. EXP'!$D$29:$H$214,5,0)),"",VLOOKUP(C19,'P. EXP'!$D$29:$H$214,5,0)) -> 0
B20: 7 | C20: 7 | D20: UT SCS INGES MICROFUTBOL | E20: CUMPLE | F20: CUMPLE | G20: CUMPLE | H20: =IF(COUNTBLANK(E20:G20)>0,"",(IF(COUNTIF(E20:G20,"RECHAZADO")>0,"RECHAZADO",IF(COUNTIF(E20:G20,"NO CUMPLE")>0,"NO CUMPLE","CUMPLE")))) -> CUMPLE | I20: 5 | J20: 5 | K20: 1 | L20: 20 | M20: 1 | N20: 0.25 | P20: 0 | Q20: 0 | R20: =+IF(ISTEXT(VLOOKUP(C20,'P. EXP'!$D$29:$H$214,5,0)),"",VLOOKUP(C20,'P. EXP'!$D$29:$H$214,5,0)) -> 57.113737
B21: 8 | C21: 8 | D21: INTEROBRAS ER SAS | E21: CUMPLE | F21: CUMPLE | G21: CUMPLE | H21: =IF(COUNTBLANK(E21:G21)>0,"",(IF(COUNTIF(E21:G21,"RECHAZADO")>0,"RECHAZADO",IF(COUNTIF(E21:G21,"NO CUMPLE")>0,"NO CUMPLE","CUMPLE")))) -> CUMPLE | I21: 5 | J21: 5 | K21: 1 | L21: 20 | M21: 1 | N21: 0.25 | P21: 0 | Q21: 0 | R21: =+IF(ISTEXT(VLOOKUP(C21,'P. EXP'!$D$29:$H$214,5,0)),"",VLOOKUP(C21,'P. EXP'!$D$29:$H$214,5,0)) -> 60.909316
B22: 9 | C22: 9 | D22: J&G CONSULTORIA SAS | E22: CUMPLE | F22: CUMPLE | G22: CUMPLE | H22: =IF(COUNTBLANK(E22:G22)>0,"",(IF(COUNTIF(E22:G22,"RECHAZADO")>0,"RECHAZADO",IF(COUNTIF(E22:G22,"NO CUMPLE")>0,"NO CUMPLE","CUMPLE")))) -> CUMPLE | I22: 5 | J22: 5 | K22: 1 | L22: 20 | M22: 1 | N22: 0.25 | P22: 0 | Q22: 0 | R22: =+IF(ISTEXT(VLOOKUP(C22,'P. EXP'!$D$29:$H$214,5,0)),"",VLOOKUP(C22,'P. EXP'!$D$29:$H$214,5,0)) -> 67.75
B23: 10 | C23: 10 | D23: SOLUCIONES INTEGRALES DE INGENIERIA S.A. - SODINSA S.A. | E23: CUMPLE | F23: CUMPLE | G23: CUMPLE | H23: =IF(COUNTBLANK(E23:G23)>0,"",(IF(COUNTIF(E23:G23,"RECHAZADO")>0,"RECHAZADO",IF(COUNTIF(E23:G23,"NO CUMPLE")>0,"NO CUMPLE","CUMPLE")))) -> CUMPLE | I23: 5 | J23: 5 | K23: 1 | L23: 20 | M23: 1 | N23: 0.25 | P23: 0 | Q23: 0 | R23: =+IF(ISTEXT(VLOOKUP(C23,'P. EXP'!$D$29:$H$214,5,0)),"",VLOOKUP(C23,'P. EXP'!$D$29:$H$214,5,0)) -> 43.18029
B24: 11 | C24: 11 | D24: NOGAALL S.A.S | E24: CUMPLE | F24: CUMPLE | G24: CUMPLE | H24: =IF(COUNTBLANK(E24:G24)>0,"",(IF(COUNTIF(E24:G24,"RECHAZADO")>0,"RECHAZADO",IF(COUNTIF(E24:G24,"NO CUMPLE")>0,"NO CUMPLE","CUMPLE")))) -> CUMPLE | I24: 5 | J24: 5 | K24: 1 | L24: 20 | M24: 1 | N24: 0.25 | P24: 0 | Q24: 0 | R24: =+IF(ISTEXT(VLOOKUP(C24,'P. EXP'!$D$29:$H$214,5,0)),"",VLOOKUP(C24,'P. EXP'!$D$29:$H$214,5,0)) -> 65.374702
B25: 12 | C25: 12 | D25: INGENIERÍA ESTEC TECNOLÓGICA S.A.S. | E25: CUMPLE | F25: CUMPLE | G25: CUMPLE | H25: =IF(COUNTBLANK(E25:G25)>0,"",(IF(COUNTIF(E25:G25,"RECHAZADO")>0,"RECHAZADO",IF(COUNTIF(E25:G25,"NO CUMPLE")>0,"NO CUMPLE","CUMPLE")))) -> CUMPLE | I25: 5 | J25: 5 | K25: 1 | L25: 20 | M25: 1 | N25: 0 | P25: 0 | Q25: 0 | R25: =+IF(ISTEXT(VLOOKUP(C25,'P. EXP'!$D$29:$H$214,5,0)),"",VLOOKUP(C25,'P. EXP'!$D$29:$H$214,5,0)) -> 25.145889
B26: 13 | C26: 13 | D26: LOS CASTORES CONSTRUCTORES S.A.S | E26: CUMPLE | F26: CUMPLE | G26: CUMPLE | H26: =IF(COUNTBLANK(E26:G26)>0,"",(IF(COUNTIF(E26:G26,"RECHAZADO")>0,"RECHAZADO",IF(COUNTIF(E26:G26,"NO CUMPLE")>0,"NO CUMPLE","CUMPLE")))) -> CUMPLE | I26: 5 | J26: 5 | K26: 1 | L26: 20 | M26: 1 | N26: 0.25 | P26: 0 | Q26: 0 | R26: =+IF(ISTEXT(VLOOKUP(C26,'P. EXP'!$D$29:$H$214,5,0)),"",VLOOKUP(C26,'P. EXP'!$D$29:$H$214,5,0)) -> 42.163334
B27: 14 | H27: =IF(COUNTBLANK(E27:G27)>0,"",(IF(COUNTIF(E27:G27,"RECHAZADO")>0,"RECHAZADO",IF(COUNTIF(E27:G27,"NO CUMPLE")>0,"NO CUMPLE","CUMPLE")))) | R27: =+IF(ISTEXT(VLOOKUP(C27,'P. EXP'!$D$29:$H$214,5,0)),"",VLOOKUP(C27,'P. EXP'!$D$29:$H$214,5,0))
B28: 15 | H28: =IF(COUNTBLANK(E28:G28)>0,"",(IF(COUNTIF(E28:G28,"RECHAZADO")>0,"RECHAZADO",IF(COUNTIF(E28:G28,"NO CUMPLE")>0,"NO CUMPLE","CUMPLE")))) | R28: =+IF(ISTEXT(VLOOKUP(C28,'P. EXP'!$D$29:$H$214,5,0)),"",VLOOKUP(C28,'P. EXP'!$D$29:$H$214,5,0))
B29: 16 | H29: =IF(COUNTBLANK(E29:G29)>0,"",(IF(COUNTIF(E29:G29,"RECHAZADO")>0,"RECHAZADO",IF(COUNTIF(E29:G29,"NO CUMPLE")>0,"NO CUMPLE","CUMPLE")))) | R29: =+IF(ISTEXT(VLOOKUP(C29,'P. EXP'!$D$29:$H$214,5,0)),"",VLOOKUP(C29,'P. EXP'!$D$29:$H$214,5,0))
B30: 17 | H30: =IF(COUNTBLANK(E30:G30)>0,"",(IF(COUNTIF(E30:G30,"RECHAZADO")>0,"RECHAZADO",IF(COUNTIF(E30:G30,"NO CUMPLE")>0,"NO CUMPLE","CUMPLE")))) | R30: =+IF(ISTEXT(VLOOKUP(C30,'P. EXP'!$D$29:$H$214,5,0)),"",VLOOKUP(C30,'P. EXP'!$D$29:$H$214,5,0))
B31: 18 | H31: =IF(COUNTBLANK(E31:G31)>0,"",(IF(COUNTIF(E31:G31,"RECHAZADO")>0,"RECHAZADO",IF(COUNTIF(E31:G31,"NO CUMPLE")>0,"NO CUMPLE","CUMPLE")))) | R31: =+IF(ISTEXT(VLOOKUP(C31,'P. EXP'!$D$29:$H$214,5,0)),"",VLOOKUP(C31,'P. EXP'!$D$29:$H$214,5,0))
B32: 19 | H32: =IF(COUNTBLANK(E32:G32)>0,"",(IF(COUNTIF(E32:G32,"RECHAZADO")>0,"RECHAZADO",IF(COUNTIF(E32:G32,"NO CUMPLE")>0,"NO CUMPLE","CUMPLE")))) | R32: =+IF(ISTEXT(VLOOKUP(C32,'P. EXP'!$D$29:$H$214,5,0)),"",VLOOKUP(C32,'P. EXP'!$D$29:$H$214,5,0))
B33: 20 | H33: =IF(COUNTBLANK(E33:G33)>0,"",(IF(COUNTIF(E33:G33,"RECHAZADO")>0,"RECHAZADO",IF(COUNTIF(E33:G33,"NO CUMPLE")>0,"NO CUMPLE","CUMPLE")))) | R33: =+IF(ISTEXT(VLOOKUP(C33,'P. EXP'!$D$29:$H$214,5,0)),"",VLOOKUP(C33,'P. EXP'!$D$29:$H$214,5,0))
B34: 21 | H34: =IF(COUNTBLANK(E34:G34)>0,"",(IF(COUNTIF(E34:G34,"RECHAZADO")>0,"RECHAZADO",IF(COUNTIF(E34:G34,"NO CUMPLE")>0,"NO CUMPLE","CUMPLE")))) | R34: =+IF(ISTEXT(VLOOKUP(C34,'P. EXP'!$D$29:$H$214,5,0)),"",VLOOKUP(C34,'P. EXP'!$D$29:$H$214,5,0))
B35: 22 | H35: =IF(COUNTBLANK(E35:G35)>0,"",(IF(COUNTIF(E35:G35,"RECHAZADO")>0,"RECHAZADO",IF(COUNTIF(E35:G35,"NO CUMPLE")>0,"NO CUMPLE","CUMPLE")))) | R35: =+IF(ISTEXT(VLOOKUP(C35,'P. EXP'!$D$29:$H$214,5,0)),"",VLOOKUP(C35,'P. EXP'!$D$29:$H$214,5,0))
B36: 23 | H36: =IF(COUNTBLANK(E36:G36)>0,"",(IF(COUNTIF(E36:G36,"RECHAZADO")>0,"RECHAZADO",IF(COUNTIF(E36:G36,"NO CUMPLE")>0,"NO CUMPLE","CUMPLE")))) | R36: =+IF(ISTEXT(VLOOKUP(C36,'P. EXP'!$D$29:$H$214,5,0)),"",VLOOKUP(C36,'P. EXP'!$D$29:$H$214,5,0))
B37: 24 | H37: =IF(COUNTBLANK(E37:G37)>0,"",(IF(COUNTIF(E37:G37,"RECHAZADO")>0,"RECHAZADO",IF(COUNTIF(E37:G37,"NO CUMPLE")>0,"NO CUMPLE","CUMPLE")))) | R37: =+IF(ISTEXT(VLOOKUP(C37,'P. EXP'!$D$29:$H$214,5,0)),"",VLOOKUP(C37,'P. EXP'!$D$29:$H$214,5,0))
B38: 25 | H38: =IF(COUNTBLANK(E38:G38)>0,"",(IF(COUNTIF(E38:G38,"RECHAZADO")>0,"RECHAZADO",IF(COUNTIF(E38:G38,"NO CUMPLE")>0,"NO CUMPLE","CUMPLE")))) | R38: =+IF(ISTEXT(VLOOKUP(C38,'P. EXP'!$D$29:$H$214,5,0)),"",VLOOKUP(C38,'P. EXP'!$D$29:$H$214,5,0))
... B213: 200 | H213: =IF(COUNTBLANK(E213:G213)>0,"",(IF(COUNTIF(E213:G213,"RECHAZADO")>0,"RECHAZADO",IF(COUNTIF(E213:G213,"NO CUMPLE")>0,"NO CUMPLE","CUMPLE")))) | R213: =+IF(ISTEXT(VLOOKUP(C213,'P. EXP'!$D$29:$H$214,5,0)),"",VLOOKUP(C213,'P. EXP'!$D$29:$H$214,5,0))
B215: TOTALES | C215: TOTALES | G215: CUMPLE | H215: =COUNTIF($H$14:$H$213,G215) -> 13
G216: NO CUMPLE | H216: =COUNTIF($H$14:$H$213,G216) -> 0
G217: RECHAZADO | H217: =COUNTIF($H$14:$H$213,G217) -> 0
G218: TOTAL | H218: =SUM(H215:H217) -> 13

Sheet P. EXP
C8: =+COLUMNS($C$8:C8) -> 1 | D8: =+COLUMNS($C$8:D8) -> 2 | E8: =+COLUMNS($C$8:E8) -> 3 | F8: =+COLUMNS($C$8:F8) -> 4 | G8: =+COLUMNS($C$8:G8) -> 5 | H8: =+COLUMNS($C$8:H8) -> 6
C10: DETERMINACIÓN DEL PUNTAJE POR EXPERIENCIA
C12: Determinación del Método para la Ponderación
C13: TRM PARA ASIGNACIÓN DE PUNTAJE | G13: Valor = | H13: 3759
G14: CENTESIMAS = | H14: =ROUND(100*(H13-INT(H13)),0) -> 0
C15: MÉTODO DE PONDERACIÓN = | F15: =IF(H13="","",IF(AND(H14>=0,H14<=24),"MEDIANA CON VALOR ABSOLUTO",IF(AND(H14>=25,H14<=49),"MEDIA GEOMETRICA",IF(AND(H14>=50,H14<=74),"MEDIA ARITMETICA ALTA","MEDIA ARITMETICA BAJA")))) -> MEDIANA CON VALOR ABSOLUTO
C17: Parámetros para la ponderación
G18: Número de propuestas válidas | H18: =COUNT(F43:F242) -> 13
G19: Mínimo | H19: =IF(H18=0,0,MIN(F43:F242)) -> 292.71
G20: Máximo | H20: =IF(H18=0,0,MAX(F43:F242)) -> 1955.22
G21: Media Aritmética =X | H21: =IF(H18=0,0,AVERAGE(F43:F242)) -> 593.54462
G22: Mediana= Me | H22: =IF(H18=0,0,MEDIAN(F43:F242)) -> 470.34
G23: Desviación estándar =S | H23: =IF(OR(H18=0,H18=1),0,STDEV(F43:F242)) -> 435.9688
G24: Presupuesto Oficial | H24: 424449433
G25: Puntaje por Experiencia | H25: 67.75
C27: 1. Mediana con valor absoluto
G28: Mediana (Me) | H28: =H22 -> 470.34
G29: En caso de que el número de propuestas Válidas sea par: Valor inmediatamente inferior a la mediana | H29: =+S45
C30: 2. Media Geométrica
G31: Producto (1x10-3) | H31: =IF(H18=0,0,PRODUCT(G43:G242)) -> 0.00016845615
G32: Media geométrica = Mg | H32: =IF(H18=0,0,1000*POWER(H31,1/(H18))) -> 512.54235
C33: 3. Media Aritmética alta
G34: Media artimética alta (Xa) | H34: =AVERAGE(H20,H21) -> 1274.3823
C35: 4. Media Aritmética baja
G36: Media artimética baja (Xb) | H36: =AVERAGE(H21,H19) -> 443.12731
C38: Estadistico usado para ponderar : | F38: =F15 -> MEDIANA CON VALOR ABSOLUTO | H38: =IF(AND(F38="MEDIANA CON VALOR ABSOLUTO",ISEVEN(H18)),H29,IF(F38="MEDIANA CON VALOR ABSOLUTO",H28,IF(F38="MEDIA GEOMETRICA",H32,IF(F38="MEDIA ARITMETICA ALTA",H34,IF(F38="MEDIA ARITMETICA BAJA",H36,""))))) -> 470.34
C40: PONDERACIÓN
C41: CONSECUTIVO | D41: PROP. No. | E41: PROPONENTE | F41: PROMEDIO VTE EN CONTRATOS ACREDITADOS | G41: PROMEDIO VTE EN CONTRATOS ACREDITADOS | H41: PUNTAJE POR EXPERIENCIA DE LA PROPUESTA | T41: MENOR DIFERENCIA ENTRE PO Y OFERTA
F42: SMMLV | G42: ($1x10-3) | H42: (Puntos) | L42: PARA CALCULO DE MEDIANA | T42: =+MIN(T43:T242) -> 0
B43: =+L43 -> 6 | C43: 1 | D43: 1 | E43: VALLEJO H INGENIEROS CONSULTORES CONSTRUCTORES S.A.S. - BIC | F43: 477.11 | G43: =IF(ISTEXT(F43),"",F43/1000) -> 0.47711 | H43: =IF(OR(E43="",F43=""),"", IFERROR( IF( IF(F43="NO ES TENIDO EN CUENTA",0, IF(F43="NO CUMPLE","NO CUMPLE", IF(F43="RECHAZADO","RECHAZADO", IF(F43="",0, IF(OR(AND($F$38="MEDIA ARITMETICA ALTA",F43<=$H$38)),$H$25*(1-ABS($H$38-F43)/$H$38), IF(AND($F$38="MEDIA ARITMETICA ALTA",F43>$H$38),$H$25*(1-2*ABS($H$38-F43)/$H$38), IF(T43=$T$42,$H$25, $H$25*(1-ABS($H$38-F43)/$H$38))))))))<0, 0, IF(F43="NO ES TENIDO EN CUENTA",0, IF(F43="NO CUMPLE","NO CUMPLE", IF(F43="RECHAZADO","RECHAZADO", IF(F43="",0, IF(OR(AND($F$38="MEDIA ARITMETICA ALTA",F43<=$H$38)),$H$25*(1-ABS($H$38-F43)/$H$38), IF(AND($F$38="MEDIA ARITMETICA ALTA",F43>$H$38),$H$25*(1-2*ABS($H$38-F43)/$H$38), IF(T43=$T$42,$H$25, $H$25*(1-ABS($H$38-F43)/$H$38)))))))) ), "Revisar Error")) -> 66.774817 | J43: =+D43/10000000000000 -> 1e-13 | L43: =IFERROR(RANK(M43,$M$43:$M$242,0),"") -> 6 | M43: =IFERROR(IF(E43="","",IF(ISTEXT(F43),0-J43,F43/100000-J43)),"") -> 0.0047711 | N43: =IFERROR(IF(OR(F43="RECHAZADO",F43="NO HÁBIL"),"RECHAZADO",F43),"") -> 477.11 | O43: 1 | P43: =IFERROR(IF(VLOOKUP(O43,$L$43:$M$242,2,0)<=0,"RECHAZADO",VLOOKUP(O43,$L$43:$N$242,3,0)),"") -> 1955.22 | Q43: =IFERROR(VLOOKUP(O43,$B$43:$D$242,3,0),"") -> 6 | R43: POSICIÓN MEDIA +1 | S43: =IF(ISODD(H18),"",H18/2+1) | T43: =IFERROR(IF(F43="rechazado",$H$24*10,ABS(F43-$H$38)),"") -> 6.77
B44: =+L44 -> 5 | C44: 2 | D44: 2 | E44: GRUPO INTECON S.A.S. | F44: 500.69 | G44: =IF(ISTEXT(F44),"",F44/1000) -> 0.50069 | H44: =IF(OR(E44="",F44=""),"", IFERROR( IF( IF(F44="NO ES TENIDO EN CUENTA",0, IF(F44="NO CUMPLE","NO CUMPLE", IF(F44="RECHAZADO","RECHAZADO", IF(F44="",0, IF(OR(AND($F$38="MEDIA ARITMETICA ALTA",F44<=$H$38)),$H$25*(1-ABS($H$38-F44)/$H$38), IF(AND($F$38="MEDIA ARITMETICA ALTA",F44>$H$38),$H$25*(1-2*ABS($H$38-F44)/$H$38), IF(T44=$T$42,$H$25, $H$25*(1-ABS($H$38-F44)/$H$38))))))))<0, 0, IF(F44="NO ES TENIDO EN CUENTA",0, IF(F44="NO CUMPLE","NO CUMPLE", IF(F44="RECHAZADO","RECHAZADO", IF(F44="",0, IF(OR(AND($F$38="MEDIA ARITMETICA ALTA",F44<=$H$38)),$H$25*(1-ABS($H$38-F44)/$H$38), IF(AND($F$38="MEDIA ARITMETICA ALTA",F44>$H$38),$H$25*(1-2*ABS($H$38-F44)/$H$38), IF(T44=$T$42,$H$25, $H$25*(1-ABS($H$38-F44)/$H$38)))))))) ), "Revisar Error")) -> 63.378242 | J44: =+D44/10000000000000 -> 2e-13 | L44: =IFERROR(RANK(M44,$M$43:$M$242,0),"") -> 5 | M44: =IFERROR(IF(E44="","",IF(ISTEXT(F44),0-J44,F44/100000-J44)),"") -> 0.0050069 | N44: =IFERROR(IF(OR(F44="RECHAZADO",F44="NO HÁBIL"),"RECHAZADO",F44),"") -> 500.69 | O44: 2 | P44: =IFERROR(IF(VLOOKUP(O44,$L$43:$M$242,2,0)<=0,"RECHAZADO",VLOOKUP(O44,$L$43:$N$242,3,0)),"") -> 777.9 | Q44: =IFERROR(VLOOKUP(O44,$B$43:$D$242,3,0),"") -> 5 | R44: VALOR MEDIANA | S44: =IF(H18=0,0,MEDIAN($F$43:$F$242)) -> 470.34 | T44: =IFERROR(IF(F44="rechazado",$H$24*10,ABS(F44-$H$38)),"") -> 30.35
B45: =+L45 -> 11 | C45: 3 | D45: 3 | E45: AIM ENGINEERING S.A.S | F45: 330.51 | G45: =IF(ISTEXT(F45),"",F45/1000) -> 0.33051 | H45: =IF(OR(E45="",F45=""),"", IFERROR( IF( IF(F45="NO ES TENIDO EN CUENTA",0, IF(F45="NO CUMPLE","NO CUMPLE", IF(F45="RECHAZADO","RECHAZADO", IF(F45="",0, IF(OR(AND($F$38="MEDIA ARITMETICA ALTA",F45<=$H$38)),$H$25*(1-ABS($H$38-F45)/$H$38), IF(AND($F$38="MEDIA ARITMETICA ALTA",F45>$H$38),$H$25*(1-2*ABS($H$38-F45)/$H$38), IF(T45=$T$42,$H$25, $H$25*(1-ABS($H$38-F45)/$H$38))))))))<0, 0, IF(F45="NO ES TENIDO EN CUENTA",0, IF(F45="NO CUMPLE","NO CUMPLE", IF(F45="RECHAZADO","RECHAZADO", IF(F45="",0, IF(OR(AND($F$38="MEDIA ARITMETICA ALTA",F45<=$H$38)),$H$25*(1-ABS($H$38-F45)/$H$38), IF(AND($F$38="MEDIA ARITMETICA ALTA",F45>$H$38),$H$25*(1-2*ABS($H$38-F45)/$H$38), IF(T45=$T$42,$H$25, $H$25*(1-ABS($H$38-F45)/$H$38)))))))) ), "Revisar Error")) -> 47.608225 | J45: =+D45/10000000000000 -> 3e-13 | L45: =IFERROR(RANK(M45,$M$43:$M$242,0),"") -> 11 | M45: =IFERROR(IF(E45="","",IF(ISTEXT(F45),0-J45,F45/100000-J45)),"") -> 0.0033051 | N45: =IFERROR(IF(OR(F45="RECHAZADO",F45="NO HÁBIL"),"RECHAZADO",F45),"") -> 330.51 | O45: 3 | P45: =IFERROR(IF(VLOOKUP(O45,$L$43:$M$242,2,0)<=0,"RECHAZADO",VLOOKUP(O45,$L$43:$N$242,3,0)),"") -> 766.11 | Q45: =IFERROR(VLOOKUP(O45,$B$43:$D$242,3,0),"") -> 12 | R45: VALOR INMEDIATO INFERIOR A LA MEDIANA | S45: =+IF(H18=0,0,IF(ISEVEN(H18),VLOOKUP(S43,$O$43:$P$242,2,0),"")) | T45: =IFERROR(IF(F45="rechazado",$H$24*10,ABS(F45-$H$38)),"") -> 139.83
B46: =+L46 -> 9 | C46: 4 | D46: 4 | E46: ICONSULTING S.A.S. | F46: 424.84 | G46: =IF(ISTEXT(F46),"",F46/1000) -> 0.42484 | H46: =IF(OR(E46="",F46=""),"", IFERROR( IF( IF(F46="NO ES TENIDO EN CUENTA",0, IF(F46="NO CUMPLE","NO CUMPLE", IF(F46="RECHAZADO","RECHAZADO", IF(F46="",0, IF(OR(AND($F$38="MEDIA ARITMETICA ALTA",F46<=$H$38)),$H$25*(1-ABS($H$38-F46)/$H$38), IF(AND($F$38="MEDIA ARITMETICA ALTA",F46>$H$38),$H$25*(1-2*ABS($H$38-F46)/$H$38), IF(T46=$T$42,$H$25, $H$25*(1-ABS($H$38-F46)/$H$38))))))))<0, 0, IF(F46="NO ES TENIDO EN CUENTA",0, IF(F46="NO CUMPLE","NO CUMPLE", IF(F46="RECHAZADO","RECHAZADO", IF(F46="",0, IF(OR(AND($F$38="MEDIA ARITMETICA ALTA",F46<=$H$38)),$H$25*(1-ABS($H$38-F46)/$H$38), IF(AND($F$38="MEDIA ARITMETICA ALTA",F46>$H$38),$H$25*(1-2*ABS($H$38-F46)/$H$38), IF(T46=$T$42,$H$25, $H$25*(1-ABS($H$38-F46)/$H$38)))))))) ), "Revisar Error")) -> 61.195965 | J46: =+D46/10000000000000 -> 4e-13 | L46: =IFERROR(RANK(M46,$M$43:$M$242,0),"") -> 9 | M46: =IFERROR(IF(E46="","",IF(ISTEXT(F46),0-J46,F46/100000-J46)),"") -> 0.0042484 | N46: =IFERROR(IF(OR(F46="RECHAZADO",F46="NO HÁBIL"),"RECHAZADO",F46),"") -> 424.84 | O46: 4 | P46: =IFERROR(IF(VLOOKUP(O46,$L$43:$M$242,2,0)<=0,"RECHAZADO",VLOOKUP(O46,$L$43:$N$242,3,0)),"") -> 544.18 | Q46: =IFERROR(VLOOKUP(O46,$B$43:$D$242,3,0),"") -> 7 | R46: No. PROPONENTE CON VALOR INMEDIATAMENTE INFERIOR A LA MEDIANA | S46: =IF(ISODD(H18),"",VLOOKUP(S43,$O$43:$Q$242,3,0)) | T46: =IFERROR(IF(F46="rechazado",$H$24*10,ABS(F46-$H$38)),"") -> 45.5
B47: =+L47 -> 2 | C47: 5 | D47: 5 | E47: CONSORCIO CANCHAS CM-008-2026 | F47: 777.9 | G47: =IF(ISTEXT(F47),"",F47/1000) -> 0.7779 | H47: =IF(OR(E47="",F47=""),"", IFERROR( IF( IF(F47="NO ES TENIDO EN CUENTA",0, IF(F47="NO CUMPLE","NO CUMPLE", IF(F47="RECHAZADO","RECHAZADO", IF(F47="",0, IF(OR(AND($F$38="MEDIA ARITMETICA ALTA",F47<=$H$38)),$H$25*(1-ABS($H$38-F47)/$H$38), IF(AND($F$38="MEDIA ARITMETICA ALTA",F47>$H$38),$H$25*(1-2*ABS($H$38-F47)/$H$38), IF(T47=$T$42,$H$25, $H$25*(1-ABS($H$38-F47)/$H$38))))))))<0, 0, IF(F47="NO ES TENIDO EN CUENTA",0, IF(F47="NO CUMPLE","NO CUMPLE", IF(F47="RECHAZADO","RECHAZADO", IF(F47="",0, IF(OR(AND($F$38="MEDIA ARITMETICA ALTA",F47<=$H$38)),$H$25*(1-ABS($H$38-F47)/$H$38), IF(AND($F$38="MEDIA ARITMETICA ALTA",F47>$H$38),$H$25*(1-2*ABS($H$38-F47)/$H$38), IF(T47=$T$42,$H$25, $H$25*(1-ABS($H$38-F47)/$H$38)))))))) ), "Revisar Error")) -> 23.447602 | J47: =+D47/10000000000000 -> 5e-13 | L47: =IFERROR(RANK(M47,$M$43:$M$242,0),"") -> 2 | M47: =IFERROR(IF(E47="","",IF(ISTEXT(F47),0-J47,F47/100000-J47)),"") -> 0.007779 | N47: =IFERROR(IF(OR(F47="RECHAZADO",F47="NO HÁBIL"),"RECHAZADO",F47),"") -> 777.9 | O47: 5 | P47: =IFERROR(IF(VLOOKUP(O47,$L$43:$M$242,2,0)<=0,"RECHAZADO",VLOOKUP(O47,$L$43:$N$242,3,0)),"") -> 500.69 | Q47: =IFERROR(VLOOKUP(O47,$B$43:$D$242,3,0),"") -> 2 | T47: =IFERROR(IF(F47="rechazado",$H$24*10,ABS(F47-$H$38)),"") -> 307.56
B48: =+L48 -> 1 | C48: 6 | D48: 6 | E48: CONSTRUCCIONES E INVERSIONES ASOCIATIVAS | F48: 1955.22 | G48: =IF(ISTEXT(F48),"",F48/1000) -> 1.95522 | H48: =IF(OR(E48="",F48=""),"", IFERROR( IF( IF(F48="NO ES TENIDO EN CUENTA",0, IF(F48="NO CUMPLE","NO CUMPLE", IF(F48="RECHAZADO","RECHAZADO", IF(F48="",0, IF(OR(AND($F$38="MEDIA ARITMETICA ALTA",F48<=$H$38)),$H$25*(1-ABS($H$38-F48)/$H$38), IF(AND($F$38="MEDIA ARITMETICA ALTA",F48>$H$38),$H$25*(1-2*ABS($H$38-F48)/$H$38), IF(T48=$T$42,$H$25, $H$25*(1-ABS($H$38-F48)/$H$38))))))))<0, 0, IF(F48="NO ES TENIDO EN CUENTA",0, IF(F48="NO CUMPLE","NO CUMPLE", IF(F48="RECHAZADO","RECHAZADO", IF(F48="",0, IF(OR(AND($F$38="MEDIA ARITMETICA ALTA",F48<=$H$38)),$H$25*(1-ABS($H$38-F48)/$H$38), IF(AND($F$38="MEDIA ARITMETICA ALTA",F48>$H$38),$H$25*(1-2*ABS($H$38-F48)/$H$38), IF(T48=$T$42,$H$25, $H$25*(1-ABS($H$38-F48)/$H$38)))))))) ), "Revisar Error")) -> 0 | J48: =+D48/10000000000000 -> 6e-13 | L48: =IFERROR(RANK(M48,$M$43:$M$242,0),"") -> 1 | M48: =IFERROR(IF(E48="","",IF(ISTEXT(F48),0-J48,F48/100000-J48)),"") -> 0.0195522 | N48: =IFERROR(IF(OR(F48="RECHAZADO",F48="NO HÁBIL"),"RECHAZADO",F48),"") -> 1955.22 | O48: 6 | P48: =IFERROR(IF(VLOOKUP(O48,$L$43:$M$242,2,0)<=0,"RECHAZADO",VLOOKUP(O48,$L$43:$N$242,3,0)),"") -> 477.11 | Q48: =IFERROR(VLOOKUP(O48,$B$43:$D$242,3,0),"") -> 1 | T48: =IFERROR(IF(F48="rechazado",$H$24*10,ABS(F48-$H$38)),"") -> 1484.88
B49: =+L49 -> 4 | C49: 7 | D49: 7 | E49: UT SCS INGES MICROFUTBOL | F49: 544.18 | G49: =IF(ISTEXT(F49),"",F49/1000) -> 0.54418 | H49: =IF(OR(E49="",F49=""),"", IFERROR( IF( IF(F49="NO ES TENIDO EN CUENTA",0, IF(F49="NO CUMPLE","NO CUMPLE", IF(F49="RECHAZADO","RECHAZADO", IF(F49="",0, IF(OR(AND($F$38="MEDIA ARITMETICA ALTA",F49<=$H$38)),$H$25*(1-ABS($H$38-F49)/$H$38), IF(AND($F$38="MEDIA ARITMETICA ALTA",F49>$H$38),$H$25*(1-2*ABS($H$38-F49)/$H$38), IF(T49=$T$42,$H$25, $H$25*(1-ABS($H$38-F49)/$H$38))))))))<0, 0, IF(F49="NO ES TENIDO EN CUENTA",0, IF(F49="NO CUMPLE","NO CUMPLE", IF(F49="RECHAZADO","RECHAZADO", IF(F49="",0, IF(OR(AND($F$38="MEDIA ARITMETICA ALTA",F49<=$H$38)),$H$25*(1-ABS($H$38-F49)/$H$38), IF(AND($F$38="MEDIA ARITMETICA ALTA",F49>$H$38),$H$25*(1-2*ABS($H$38-F49)/$H$38), IF(T49=$T$42,$H$25, $H$25*(1-ABS($H$38-F49)/$H$38)))))))) ), "Revisar Error")) -> 57.113737 | J49: =+D49/10000000000000 -> 7e-13 | L49: =IFERROR(RANK(M49,$M$43:$M$242,0),"") -> 4 | M49: =IFERROR(IF(E49="","",IF(ISTEXT(F49),0-J49,F49/100000-J49)),"") -> 0.0054418 | N49: =IFERROR(IF(OR(F49="RECHAZADO",F49="NO HÁBIL"),"RECHAZADO",F49),"") -> 544.18 | O49: 7 | P49: =IFERROR(IF(VLOOKUP(O49,$L$43:$M$242,2,0)<=0,"RECHAZADO",VLOOKUP(O49,$L$43:$N$242,3,0)),"") -> 470.34 | Q49: =IFERROR(VLOOKUP(O49,$B$43:$D$242,3,0),"") -> 9 | T49: =IFERROR(IF(F49="rechazado",$H$24*10,ABS(F49-$H$38)),"") -> 73.84
B50: =+L50 -> 10 | C50: 8 | D50: 8 | E50: INTEROBRAS ER SAS | F50: 422.85 | G50: =IF(ISTEXT(F50),"",F50/1000) -> 0.42285 | H50: =IF(OR(E50="",F50=""),"", IFERROR( IF( IF(F50="NO ES TENIDO EN CUENTA",0, IF(F50="NO CUMPLE","NO CUMPLE", IF(F50="RECHAZADO","RECHAZADO", IF(F50="",0, IF(OR(AND($F$38="MEDIA ARITMETICA ALTA",F50<=$H$38)),$H$25*(1-ABS($H$38-F50)/$H$38), IF(AND($F$38="MEDIA ARITMETICA ALTA",F50>$H$38),$H$25*(1-2*ABS($H$38-F50)/$H$38), IF(T50=$T$42,$H$25, $H$25*(1-ABS($H$38-F50)/$H$38))))))))<0, 0, IF(F50="NO ES TENIDO EN CUENTA",0, IF(F50="NO CUMPLE","NO CUMPLE", IF(F50="RECHAZADO","RECHAZADO", IF(F50="",0, IF(OR(AND($F$38="MEDIA ARITMETICA ALTA",F50<=$H$38)),$H$25*(1-ABS($H$38-F50)/$H$38), IF(AND($F$38="MEDIA ARITMETICA ALTA",F50>$H$38),$H$25*(1-2*ABS($H$38-F50)/$H$38), IF(T50=$T$42,$H$25, $H$25*(1-ABS($H$38-F50)/$H$38)))))))) ), "Revisar Error")) -> 60.909316 | J50: =+D50/10000000000000 -> 8e-13 | L50: =IFERROR(RANK(M50,$M$43:$M$242,0),"") -> 10 | M50: =IFERROR(IF(E50="","",IF(ISTEXT(F50),0-J50,F50/100000-J50)),"") -> 0.0042285 | N50: =IFERROR(IF(OR(F50="RECHAZADO",F50="NO HÁBIL"),"RECHAZADO",F50),"") -> 422.85 | O50: 8 | P50: =IFERROR(IF(VLOOKUP(O50,$L$43:$M$242,2,0)<=0,"RECHAZADO",VLOOKUP(O50,$L$43:$N$242,3,0)),"") -> 453.85 | Q50: =IFERROR(VLOOKUP(O50,$B$43:$D$242,3,0),"") -> 11 | T50: =IFERROR(IF(F50="rechazado",$H$24*10,ABS(F50-$H$38)),"") -> 47.49
B51: =+L51 -> 7 | C51: 9 | D51: 9 | E51: J&G CONSULTORIA SAS | F51: 470.34 | G51: =IF(ISTEXT(F51),"",F51/1000) -> 0.47034 | H51: =IF(OR(E51="",F51=""),"", IFERROR( IF( IF(F51="NO ES TENIDO EN CUENTA",0, IF(F51="NO CUMPLE","NO CUMPLE", IF(F51="RECHAZADO","RECHAZADO", IF(F51="",0, IF(OR(AND($F$38="MEDIA ARITMETICA ALTA",F51<=$H$38)),$H$25*(1-ABS($H$38-F51)/$H$38), IF(AND($F$38="MEDIA ARITMETICA ALTA",F51>$H$38),$H$25*(1-2*ABS($H$38-F51)/$H$38), IF(T51=$T$42,$H$25, $H$25*(1-ABS($H$38-F51)/$H$38))))))))<0, 0, IF(F51="NO ES TENIDO EN CUENTA",0, IF(F51="NO CUMPLE","NO CUMPLE", IF(F51="RECHAZADO","RECHAZADO", IF(F51="",0, IF(OR(AND($F$38="MEDIA ARITMETICA ALTA",F51<=$H$38)),$H$25*(1-ABS($H$38-F51)/$H$38), IF(AND($F$38="MEDIA ARITMETICA ALTA",F51>$H$38),$H$25*(1-2*ABS($H$38-F51)/$H$38), IF(T51=$T$42,$H$25, $H$25*(1-ABS($H$38-F51)/$H$38)))))))) ), "Revisar Error")) -> 67.75 | J51: =+D51/10000000000000 -> 9e-13 | L51: =IFERROR(RANK(M51,$M$43:$M$242,0),"") -> 7 | M51: =IFERROR(IF(E51="","",IF(ISTEXT(F51),0-J51,F51/100000-J51)),"") -> 0.0047034 | N51: =IFERROR(IF(OR(F51="RECHAZADO",F51="NO HÁBIL"),"RECHAZADO",F51),"") -> 470.34 | O51: 9 | P51: =IFERROR(IF(VLOOKUP(O51,$L$43:$M$242,2,0)<=0,"RECHAZADO",VLOOKUP(O51,$L$43:$N$242,3,0)),"") -> 424.84 | Q51: =IFERROR(VLOOKUP(O51,$B$43:$D$242,3,0),"") -> 4 | T51: =IFERROR(IF(F51="rechazado",$H$24*10,ABS(F51-$H$38)),"") -> 0
B52: =+L52 -> 12 | C52: 10 | D52: 10 | E52: SOLUCIONES INTEGRALES DE INGENIERIA S.A. - SODINSA S.A. | F52: 299.77 | G52: =IF(ISTEXT(F52),"",F52/1000) -> 0.29977 | H52: =IF(OR(E52="",F52=""),"", IFERROR( IF( IF(F52="NO ES TENIDO EN CUENTA",0, IF(F52="NO CUMPLE","NO CUMPLE", IF(F52="RECHAZADO","RECHAZADO", IF(F52="",0, IF(OR(AND($F$38="MEDIA ARITMETICA ALTA",F52<=$H$38)),$H$25*(1-ABS($H$38-F52)/$H$38), IF(AND($F$38="MEDIA ARITMETICA ALTA",F52>$H$38),$H$25*(1-2*ABS($H$38-F52)/$H$38), IF(T52=$T$42,$H$25, $H$25*(1-ABS($H$38-F52)/$H$38))))))))<0, 0, IF(F52="NO ES TENIDO EN CUENTA",0, IF(F52="NO CUMPLE","NO CUMPLE", IF(F52="RECHAZADO","RECHAZADO", IF(F52="",0, IF(OR(AND($F$38="MEDIA ARITMETICA ALTA",F52<=$H$38)),$H$25*(1-ABS($H$38-F52)/$H$38), IF(AND($F$38="MEDIA ARITMETICA ALTA",F52>$H$38),$H$25*(1-2*ABS($H$38-F52)/$H$38), IF(T52=$T$42,$H$25, $H$25*(1-ABS($H$38-F52)/$H$38)))))))) ), "Revisar Error")) -> 43.18029 | J52: =+D52/10000000000000 -> 1e-12 | L52: =IFERROR(RANK(M52,$M$43:$M$242,0),"") -> 12 | M52: =IFERROR(IF(E52="","",IF(ISTEXT(F52),0-J52,F52/100000-J52)),"") -> 0.0029977 | N52: =IFERROR(IF(OR(F52="RECHAZADO",F52="NO HÁBIL"),"RECHAZADO",F52),"") -> 299.77 | O52: 10 | P52: =IFERROR(IF(VLOOKUP(O52,$L$43:$M$242,2,0)<=0,"RECHAZADO",VLOOKUP(O52,$L$43:$N$242,3,0)),"") -> 422.85 | Q52: =IFERROR(VLOOKUP(O52,$B$43:$D$242,3,0),"") -> 8 | T52: =IFERROR(IF(F52="rechazado",$H$24*10,ABS(F52-$H$38)),"") -> 170.57
B53: =+L53 -> 8 | C53: 11 | D53: 11 | E53: NOGAALL S.A.S | F53: 453.85 | G53: =IF(ISTEXT(F53),"",F53/1000) -> 0.45385 | H53: =IF(OR(E53="",F53=""),"", IFERROR( IF( IF(F53="NO ES TENIDO EN CUENTA",0, IF(F53="NO CUMPLE","NO CUMPLE", IF(F53="RECHAZADO","RECHAZADO", IF(F53="",0, IF(OR(AND($F$38="MEDIA ARITMETICA ALTA",F53<=$H$38)),$H$25*(1-ABS($H$38-F53)/$H$38), IF(AND($F$38="MEDIA ARITMETICA ALTA",F53>$H$38),$H$25*(1-2*ABS($H$38-F53)/$H$38), IF(T53=$T$42,$H$25, $H$25*(1-ABS($H$38-F53)/$H$38))))))))<0, 0, IF(F53="NO ES TENIDO EN CUENTA",0, IF(F53="NO CUMPLE","NO CUMPLE", IF(F53="RECHAZADO","RECHAZADO", IF(F53="",0, IF(OR(AND($F$38="MEDIA ARITMETICA ALTA",F53<=$H$38)),$H$25*(1-ABS($H$38-F53)/$H$38), IF(AND($F$38="MEDIA ARITMETICA ALTA",F53>$H$38),$H$25*(1-2*ABS($H$38-F53)/$H$38), IF(T53=$T$42,$H$25, $H$25*(1-ABS($H$38-F53)/$H$38)))))))) ), "Revisar Error")) -> 65.374702 | J53: =+D53/10000000000000 -> 1.1e-12 | L53: =IFERROR(RANK(M53,$M$43:$M$242,0),"") -> 8 | M53: =IFERROR(IF(E53="","",IF(ISTEXT(F53),0-J53,F53/100000-J53)),"") -> 0.0045385 | N53: =IFERROR(IF(OR(F53="RECHAZADO",F53="NO HÁBIL"),"RECHAZADO",F53),"") -> 453.85 | O53: 11 | P53: =IFERROR(IF(VLOOKUP(O53,$L$43:$M$242,2,0)<=0,"RECHAZADO",VLOOKUP(O53,$L$43:$N$242,3,0)),"") -> 330.51 | Q53: =IFERROR(VLOOKUP(O53,$B$43:$D$242,3,0),"") -> 3 | T53: =IFERROR(IF(F53="rechazado",$H$24*10,ABS(F53-$H$38)),"") -> 16.49
B54: =+L54 -> 3 | C54: 12 | D54: 12 | E54: INGENIERÍA ESTEC TECNOLÓGICA S.A.S. | F54: 766.11 | G54: =IF(ISTEXT(F54),"",F54/1000) -> 0.76611 | H54: =IF(OR(E54="",F54=""),"", IFERROR( IF( IF(F54="NO ES TENIDO EN CUENTA",0, IF(F54="NO CUMPLE","NO CUMPLE", IF(F54="RECHAZADO","RECHAZADO", IF(F54="",0, IF(OR(AND($F$38="MEDIA ARITMETICA ALTA",F54<=$H$38)),$H$25*(1-ABS($H$38-F54)/$H$38), IF(AND($F$38="MEDIA ARITMETICA ALTA",F54>$H$38),$H$25*(1-2*ABS($H$38-F54)/$H$38), IF(T54=$T$42,$H$25, $H$25*(1-ABS($H$38-F54)/$H$38))))))))<0, 0, IF(F54="NO ES TENIDO EN CUENTA",0, IF(F54="NO CUMPLE","NO CUMPLE", IF(F54="RECHAZADO","RECHAZADO", IF(F54="",0, IF(OR(AND($F$38="MEDIA ARITMETICA ALTA",F54<=$H$38)),$H$25*(1-ABS($H$38-F54)/$H$38), IF(AND($F$38="MEDIA ARITMETICA ALTA",F54>$H$38),$H$25*(1-2*ABS($H$38-F54)/$H$38), IF(T54=$T$42,$H$25, $H$25*(1-ABS($H$38-F54)/$H$38)))))))) ), "Revisar Error")) -> 25.145889 | J54: =+D54/10000000000000 -> 1.2e-12 | L54: =IFERROR(RANK(M54,$M$43:$M$242,0),"") -> 3 | M54: =IFERROR(IF(E54="","",IF(ISTEXT(F54),0-J54,F54/100000-J54)),"") -> 0.0076611 | N54: =IFERROR(IF(OR(F54="RECHAZADO",F54="NO HÁBIL"),"RECHAZADO",F54),"") -> 766.11 | O54: 12 | P54: =IFERROR(IF(VLOOKUP(O54,$L$43:$M$242,2,0)<=0,"RECHAZADO",VLOOKUP(O54,$L$43:$N$242,3,0)),"") -> 299.77 | Q54: =IFERROR(VLOOKUP(O54,$B$43:$D$242,3,0),"") -> 10 | T54: =IFERROR(IF(F54="rechazado",$H$24*10,ABS(F54-$H$38)),"") -> 295.77
B55: =+L55 -> 13 | C55: 13 | D55: 13 | E55: LOS CASTORES CONSTRUCTORES S.A.S | F55: 292.71 | G55: =IF(ISTEXT(F55),"",F55/1000) -> 0.29271 | H55: =IF(OR(E55="",F55=""),"", IFERROR( IF( IF(F55="NO ES TENIDO EN CUENTA",0, IF(F55="NO CUMPLE","NO CUMPLE", IF(F55="RECHAZADO","RECHAZADO", IF(F55="",0, IF(OR(AND($F$38="MEDIA ARITMETICA ALTA",F55<=$H$38)),$H$25*(1-ABS($H$38-F55)/$H$38), IF(AND($F$38="MEDIA ARITMETICA ALTA",F55>$H$38),$H$25*(1-2*ABS($H$38-F55)/$H$38), IF(T55=$T$42,$H$25, $H$25*(1-ABS($H$38-F55)/$H$38))))))))<0, 0, IF(F55="NO ES TENIDO EN CUENTA",0, IF(F55="NO CUMPLE","NO CUMPLE", IF(F55="RECHAZADO","RECHAZADO", IF(F55="",0, IF(OR(AND($F$38="MEDIA ARITMETICA ALTA",F55<=$H$38)),$H$25*(1-ABS($H$38-F55)/$H$38), IF(AND($F$38="MEDIA ARITMETICA ALTA",F55>$H$38),$H$25*(1-2*ABS($H$38-F55)/$H$38), IF(T55=$T$42,$H$25, $H$25*(1-ABS($H$38-F55)/$H$38)))))))) ), "Revisar Error")) -> 42.163334 | J55: =+D55/10000000000000 -> 1.3e-12 | L55: =IFERROR(RANK(M55,$M$43:$M$242,0),"") -> 13 | M55: =IFERROR(IF(E55="","",IF(ISTEXT(F55),0-J55,F55/100000-J55)),"") -> 0.0029271 | N55: =IFERROR(IF(OR(F55="RECHAZADO",F55="NO HÁBIL"),"RECHAZADO",F55),"") -> 292.71 | O55: 13 | P55: =IFERROR(IF(VLOOKUP(O55,$L$43:$M$242,2,0)<=0,"RECHAZADO",VLOOKUP(O55,$L$43:$N$242,3,0)),"") -> 292.71 | Q55: =IFERROR(VLOOKUP(O55,$B$43:$D$242,3,0),"") -> 13 | T55: =IFERROR(IF(F55="rechazado",$H$24*10,ABS(F55-$H$38)),"") -> 177.63
B56: =+L56 | C56: 14 | G56: =IF(ISTEXT(F56),"",F56/1000) | H56: =IF(OR(E56="",F56=""),"", IFERROR( IF( IF(F56="NO ES TENIDO EN CUENTA",0, IF(F56="NO CUMPLE","NO CUMPLE", IF(F56="RECHAZADO","RECHAZADO", IF(F56="",0, IF(OR(AND($F$38="MEDIA ARITMETICA ALTA",F56<=$H$38)),$H$25*(1-ABS($H$38-F56)/$H$38), IF(AND($F$38="MEDIA ARITMETICA ALTA",F56>$H$38),$H$25*(1-2*ABS($H$38-F56)/$H$38), IF(T56=$T$42,$H$25, $H$25*(1-ABS($H$38-F56)/$H$38))))))))<0, 0, IF(F56="NO ES TENIDO EN CUENTA",0, IF(F56="NO CUMPLE","NO CUMPLE", IF(F56="RECHAZADO","RECHAZADO", IF(F56="",0, IF(OR(AND($F$38="MEDIA ARITMETICA ALTA",F56<=$H$38)),$H$25*(1-ABS($H$38-F56)/$H$38), IF(AND($F$38="MEDIA ARITMETICA ALTA",F56>$H$38),$H$25*(1-2*ABS($H$38-F56)/$H$38), IF(T56=$T$42,$H$25, $H$25*(1-ABS($H$38-F56)/$H$38)))))))) ), "Revisar Error")) | J56: =+D56/10000000000000 -> #VALUE! | L56: =IFERROR(RANK(M56,$M$43:$M$242,0),"") | M56: =IFERROR(IF(E56="","",IF(ISTEXT(F56),0-J56,F56/100000-J56)),"") | N56: =IFERROR(IF(OR(F56="RECHAZADO",F56="NO HÁBIL"),"RECHAZADO",F56),"") | O56: 14 | P56: =IFERROR(IF(VLOOKUP(O56,$L$43:$M$242,2,0)<=0,"RECHAZADO",VLOOKUP(O56,$L$43:$N$242,3,0)),"") | Q56: =IFERROR(VLOOKUP(O56,$B$43:$D$242,3,0),"") | T56: =IFERROR(IF(F56="rechazado",$H$24*10,ABS(F56-$H$38)),"")
B57: =+L57 | C57: 15 | G57: =IF(ISTEXT(F57),"",F57/1000) | H57: =IF(OR(E57="",F57=""),"", IFERROR( IF( IF(F57="NO ES TENIDO EN CUENTA",0, IF(F57="NO CUMPLE","NO CUMPLE", IF(F57="RECHAZADO","RECHAZADO", IF(F57="",0, IF(OR(AND($F$38="MEDIA ARITMETICA ALTA",F57<=$H$38)),$H$25*(1-ABS($H$38-F57)/$H$38), IF(AND($F$38="MEDIA ARITMETICA ALTA",F57>$H$38),$H$25*(1-2*ABS($H$38-F57)/$H$38), IF(T57=$T$42,$H$25, $H$25*(1-ABS($H$38-F57)/$H$38))))))))<0, 0, IF(F57="NO ES TENIDO EN CUENTA",0, IF(F57="NO CUMPLE","NO CUMPLE", IF(F57="RECHAZADO","RECHAZADO", IF(F57="",0, IF(OR(AND($F$38="MEDIA ARITMETICA ALTA",F57<=$H$38)),$H$25*(1-ABS($H$38-F57)/$H$38), IF(AND($F$38="MEDIA ARITMETICA ALTA",F57>$H$38),$H$25*(1-2*ABS($H$38-F57)/$H$38), IF(T57=$T$42,$H$25, $H$25*(1-ABS($H$38-F57)/$H$38)))))))) ), "Revisar Error")) | J57: =+D57/10000000000000 -> #VALUE! | L57: =IFERROR(RANK(M57,$M$43:$M$242,0),"") | M57: =IFERROR(IF(E57="","",IF(ISTEXT(F57),0-J57,F57/100000-J57)),"") | N57: =IFERROR(IF(OR(F57="RECHAZADO",F57="NO HÁBIL"),"RECHAZADO",F57),"") | O57: 15 | P57: =IFERROR(IF(VLOOKUP(O57,$L$43:$M$242,2,0)<=0,"RECHAZADO",VLOOKUP(O57,$L$43:$N$242,3,0)),"") | Q57: =IFERROR(VLOOKUP(O57,$B$43:$D$242,3,0),"") | T57: =IFERROR(IF(F57="rechazado",$H$24*10,ABS(F57-$H$38)),"")
B58: =+L58 | C58: 16 | G58: =IF(ISTEXT(F58),"",F58/1000) | H58: =IF(OR(E58="",F58=""),"", IFERROR( IF( IF(F58="NO ES TENIDO EN CUENTA",0, IF(F58="NO CUMPLE","NO CUMPLE", IF(F58="RECHAZADO","RECHAZADO", IF(F58="",0, IF(OR(AND($F$38="MEDIA ARITMETICA ALTA",F58<=$H$38)),$H$25*(1-ABS($H$38-F58)/$H$38), IF(AND($F$38="MEDIA ARITMETICA ALTA",F58>$H$38),$H$25*(1-2*ABS($H$38-F58)/$H$38), IF(T58=$T$42,$H$25, $H$25*(1-ABS($H$38-F58)/$H$38))))))))<0, 0, IF(F58="NO ES TENIDO EN CUENTA",0, IF(F58="NO CUMPLE","NO CUMPLE", IF(F58="RECHAZADO","RECHAZADO", IF(F58="",0, IF(OR(AND($F$38="MEDIA ARITMETICA ALTA",F58<=$H$38)),$H$25*(1-ABS($H$38-F58)/$H$38), IF(AND($F$38="MEDIA ARITMETICA ALTA",F58>$H$38),$H$25*(1-2*ABS($H$38-F58)/$H$38), IF(T58=$T$42,$H$25, $H$25*(1-ABS($H$38-F58)/$H$38)))))))) ), "Revisar Error")) | J58: =+D58/10000000000000 -> #VALUE! | L58: =IFERROR(RANK(M58,$M$43:$M$242,0),"") | M58: =IFERROR(IF(E58="","",IF(ISTEXT(F58),0-J58,F58/100000-J58)),"") | N58: =IFERROR(IF(OR(F58="RECHAZADO",F58="NO HÁBIL"),"RECHAZADO",F58),"") | O58: 16 | P58: =IFERROR(IF(VLOOKUP(O58,$L$43:$M$242,2,0)<=0,"RECHAZADO",VLOOKUP(O58,$L$43:$N$242,3,0)),"") | Q58: =IFERROR(VLOOKUP(O58,$B$43:$D$242,3,0),"") | T58: =IFERROR(IF(F58="rechazado",$H$24*10,ABS(F58-$H$38)),"")
B59: =+L59 | C59: 17 | G59: =IF(ISTEXT(F59),"",F59/1000) | H59: =IF(OR(E59="",F59=""),"", IFERROR( IF( IF(F59="NO ES TENIDO EN CUENTA",0, IF(F59="NO CUMPLE","NO CUMPLE", IF(F59="RECHAZADO","RECHAZADO", IF(F59="",0, IF(OR(AND($F$38="MEDIA ARITMETICA ALTA",F59<=$H$38)),$H$25*(1-ABS($H$38-F59)/$H$38), IF(AND($F$38="MEDIA ARITMETICA ALTA",F59>$H$38),$H$25*(1-2*ABS($H$38-F59)/$H$38), IF(T59=$T$42,$H$25, $H$25*(1-ABS($H$38-F59)/$H$38))))))))<0, 0, IF(F59="NO ES TENIDO EN CUENTA",0, IF(F59="NO CUMPLE","NO CUMPLE", IF(F59="RECHAZADO","RECHAZADO", IF(F59="",0, IF(OR(AND($F$38="MEDIA ARITMETICA ALTA",F59<=$H$38)),$H$25*(1-ABS($H$38-F59)/$H$38), IF(AND($F$38="MEDIA ARITMETICA ALTA",F59>$H$38),$H$25*(1-2*ABS($H$38-F59)/$H$38), IF(T59=$T$42,$H$25, $H$25*(1-ABS($H$38-F59)/$H$38)))))))) ), "Revisar Error")) | J59: =+D59/10000000000000 -> #VALUE! | L59: =IFERROR(RANK(M59,$M$43:$M$242,0),"") | M59: =IFERROR(IF(E59="","",IF(ISTEXT(F59),0-J59,F59/100000-J59)),"") | N59: =IFERROR(IF(OR(F59="RECHAZADO",F59="NO HÁBIL"),"RECHAZADO",F59),"") | O59: 17 | P59: =IFERROR(IF(VLOOKUP(O59,$L$43:$M$242,2,0)<=0,"RECHAZADO",VLOOKUP(O59,$L$43:$N$242,3,0)),"") | Q59: =IFERROR(VLOOKUP(O59,$B$43:$D$242,3,0),"") | T59: =IFERROR(IF(F59="rechazado",$H$24*10,ABS(F59-$H$38)),"")
B60: =+L60 | C60: 18 | G60: =IF(ISTEXT(F60),"",F60/1000) | H60: =IF(OR(E60="",F60=""),"", IFERROR( IF( IF(F60="NO ES TENIDO EN CUENTA",0, IF(F60="NO CUMPLE","NO CUMPLE", IF(F60="RECHAZADO","RECHAZADO", IF(F60="",0, IF(OR(AND($F$38="MEDIA ARITMETICA ALTA",F60<=$H$38)),$H$25*(1-ABS($H$38-F60)/$H$38), IF(AND($F$38="MEDIA ARITMETICA ALTA",F60>$H$38),$H$25*(1-2*ABS($H$38-F60)/$H$38), IF(T60=$T$42,$H$25, $H$25*(1-ABS($H$38-F60)/$H$38))))))))<0, 0, IF(F60="NO ES TENIDO EN CUENTA",0, IF(F60="NO CUMPLE","NO CUMPLE", IF(F60="RECHAZADO","RECHAZADO", IF(F60="",0, IF(OR(AND($F$38="MEDIA ARITMETICA ALTA",F60<=$H$38)),$H$25*(1-ABS($H$38-F60)/$H$38), IF(AND($F$38="MEDIA ARITMETICA ALTA",F60>$H$38),$H$25*(1-2*ABS($H$38-F60)/$H$38), IF(T60=$T$42,$H$25, $H$25*(1-ABS($H$38-F60)/$H$38)))))))) ), "Revisar Error")) | J60: =+D60/10000000000000 -> #VALUE! | L60: =IFERROR(RANK(M60,$M$43:$M$242,0),"") | M60: =IFERROR(IF(E60="","",IF(ISTEXT(F60),0-J60,F60/100000-J60)),"") | N60: =IFERROR(IF(OR(F60="RECHAZADO",F60="NO HÁBIL"),"RECHAZADO",F60),"") | O60: 18 | P60: =IFERROR(IF(VLOOKUP(O60,$L$43:$M$242,2,0)<=0,"RECHAZADO",VLOOKUP(O60,$L$43:$N$242,3,0)),"") | Q60: =IFERROR(VLOOKUP(O60,$B$43:$D$242,3,0),"") | T60: =IFERROR(IF(F60="rechazado",$H$24*10,ABS(F60-$H$38)),"")
B61: =+L61 | C61: 19 | G61: =IF(ISTEXT(F61),"",F61/1000) | H61: =IF(OR(E61="",F61=""),"", IFERROR( IF( IF(F61="NO ES TENIDO EN CUENTA",0, IF(F61="NO CUMPLE","NO CUMPLE", IF(F61="RECHAZADO","RECHAZADO", IF(F61="",0, IF(OR(AND($F$38="MEDIA ARITMETICA ALTA",F61<=$H$38)),$H$25*(1-ABS($H$38-F61)/$H$38), IF(AND($F$38="MEDIA ARITMETICA ALTA",F61>$H$38),$H$25*(1-2*ABS($H$38-F61)/$H$38), IF(T61=$T$42,$H$25, $H$25*(1-ABS($H$38-F61)/$H$38))))))))<0, 0, IF(F61="NO ES TENIDO EN CUENTA",0, IF(F61="NO CUMPLE","NO CUMPLE", IF(F61="RECHAZADO","RECHAZADO", IF(F61="",0, IF(OR(AND($F$38="MEDIA ARITMETICA ALTA",F61<=$H$38)),$H$25*(1-ABS($H$38-F61)/$H$38), IF(AND($F$38="MEDIA ARITMETICA ALTA",F61>$H$38),$H$25*(1-2*ABS($H$38-F61)/$H$38), IF(T61=$T$42,$H$25, $H$25*(1-ABS($H$38-F61)/$H$38)))))))) ), "Revisar Error")) | J61: =+D61/10000000000000 -> #VALUE! | L61: =IFERROR(RANK(M61,$M$43:$M$242,0),"") | M61: =IFERROR(IF(E61="","",IF(ISTEXT(F61),0-J61,F61/100000-J61)),"") | N61: =IFERROR(IF(OR(F61="RECHAZADO",F61="NO HÁBIL"),"RECHAZADO",F61),"") | O61: 19 | P61: =IFERROR(IF(VLOOKUP(O61,$L$43:$M$242,2,0)<=0,"RECHAZADO",VLOOKUP(O61,$L$43:$N$242,3,0)),"") | Q61: =IFERROR(VLOOKUP(O61,$B$43:$D$242,3,0),"") | T61: =IFERROR(IF(F61="rechazado",$H$24*10,ABS(F61-$H$38)),"")
B62: =+L62 | C62: 20 | G62: =IF(ISTEXT(F62),"",F62/1000) | H62: =IF(OR(E62="",F62=""),"", IFERROR( IF( IF(F62="NO ES TENIDO EN CUENTA",0, IF(F62="NO CUMPLE","NO CUMPLE", IF(F62="RECHAZADO","RECHAZADO", IF(F62="",0, IF(OR(AND($F$38="MEDIA ARITMETICA ALTA",F62<=$H$38)),$H$25*(1-ABS($H$38-F62)/$H$38), IF(AND($F$38="MEDIA ARITMETICA ALTA",F62>$H$38),$H$25*(1-2*ABS($H$38-F62)/$H$38), IF(T62=$T$42,$H$25, $H$25*(1-ABS($H$38-F62)/$H$38))))))))<0, 0, IF(F62="NO ES TENIDO EN CUENTA",0, IF(F62="NO CUMPLE","NO CUMPLE", IF(F62="RECHAZADO","RECHAZADO", IF(F62="",0, IF(OR(AND($F$38="MEDIA ARITMETICA ALTA",F62<=$H$38)),$H$25*(1-ABS($H$38-F62)/$H$38), IF(AND($F$38="MEDIA ARITMETICA ALTA",F62>$H$38),$H$25*(1-2*ABS($H$38-F62)/$H$38), IF(T62=$T$42,$H$25, $H$25*(1-ABS($H$38-F62)/$H$38)))))))) ), "Revisar Error")) | J62: =+D62/10000000000000 -> #VALUE! | L62: =IFERROR(RANK(M62,$M$43:$M$242,0),"") | M62: =IFERROR(IF(E62="","",IF(ISTEXT(F62),0-J62,F62/100000-J62)),"") | N62: =IFERROR(IF(OR(F62="RECHAZADO",F62="NO HÁBIL"),"RECHAZADO",F62),"") | O62: 20 | P62: =IFERROR(IF(VLOOKUP(O62,$L$43:$M$242,2,0)<=0,"RECHAZADO",VLOOKUP(O62,$L$43:$N$242,3,0)),"") | Q62: =IFERROR(VLOOKUP(O62,$B$43:$D$242,3,0),"") | T62: =IFERROR(IF(F62="rechazado",$H$24*10,ABS(F62-$H$38)),"")
B63: =+L63 | C63: 21 | G63: =IF(ISTEXT(F63),"",F63/1000) | H63: =IF(OR(E63="",F63=""),"", IFERROR( IF( IF(F63="NO ES TENIDO EN CUENTA",0, IF(F63="NO CUMPLE","NO CUMPLE", IF(F63="RECHAZADO","RECHAZADO", IF(F63="",0, IF(OR(AND($F$38="MEDIA ARITMETICA ALTA",F63<=$H$38)),$H$25*(1-ABS($H$38-F63)/$H$38), IF(AND($F$38="MEDIA ARITMETICA ALTA",F63>$H$38),$H$25*(1-2*ABS($H$38-F63)/$H$38), IF(T63=$T$42,$H$25, $H$25*(1-ABS($H$38-F63)/$H$38))))))))<0, 0, IF(F63="NO ES TENIDO EN CUENTA",0, IF(F63="NO CUMPLE","NO CUMPLE", IF(F63="RECHAZADO","RECHAZADO", IF(F63="",0, IF(OR(AND($F$38="MEDIA ARITMETICA ALTA",F63<=$H$38)),$H$25*(1-ABS($H$38-F63)/$H$38), IF(AND($F$38="MEDIA ARITMETICA ALTA",F63>$H$38),$H$25*(1-2*ABS($H$38-F63)/$H$38), IF(T63=$T$42,$H$25, $H$25*(1-ABS($H$38-F63)/$H$38)))))))) ), "Revisar Error")) | J63: =+D63/10000000000000 -> #VALUE! | L63: =IFERROR(RANK(M63,$M$43:$M$242,0),"") | M63: =IFERROR(IF(E63="","",IF(ISTEXT(F63),0-J63,F63/100000-J63)),"") | N63: =IFERROR(IF(OR(F63="RECHAZADO",F63="NO HÁBIL"),"RECHAZADO",F63),"") | O63: 21 | P63: =IFERROR(IF(VLOOKUP(O63,$L$43:$M$242,2,0)<=0,"RECHAZADO",VLOOKUP(O63,$L$43:$N$242,3,0)),"") | Q63: =IFERROR(VLOOKUP(O63,$B$43:$D$242,3,0),"") | T63: =IFERROR(IF(F63="rechazado",$H$24*10,ABS(F63-$H$38)),"")
B64: =+L64 | C64: 22 | G64: =IF(ISTEXT(F64),"",F64/1000) | H64: =IF(OR(E64="",F64=""),"", IFERROR( IF( IF(F64="NO ES TENIDO EN CUENTA",0, IF(F64="NO CUMPLE","NO CUMPLE", IF(F64="RECHAZADO","RECHAZADO", IF(F64="",0, IF(OR(AND($F$38="MEDIA ARITMETICA ALTA",F64<=$H$38)),$H$25*(1-ABS($H$38-F64)/$H$38), IF(AND($F$38="MEDIA ARITMETICA ALTA",F64>$H$38),$H$25*(1-2*ABS($H$38-F64)/$H$38), IF(T64=$T$42,$H$25, $H$25*(1-ABS($H$38-F64)/$H$38))))))))<0, 0, IF(F64="NO ES TENIDO EN CUENTA",0, IF(F64="NO CUMPLE","NO CUMPLE", IF(F64="RECHAZADO","RECHAZADO", IF(F64="",0, IF(OR(AND($F$38="MEDIA ARITMETICA ALTA",F64<=$H$38)),$H$25*(1-ABS($H$38-F64)/$H$38), IF(AND($F$38="MEDIA ARITMETICA ALTA",F64>$H$38),$H$25*(1-2*ABS($H$38-F64)/$H$38), IF(T64=$T$42,$H$25, $H$25*(1-ABS($H$38-F64)/$H$38)))))))) ), "Revisar Error")) | J64: =+D64/10000000000000 -> #VALUE! | L64: =IFERROR(RANK(M64,$M$43:$M$242,0),"") | M64: =IFERROR(IF(E64="","",IF(ISTEXT(F64),0-J64,F64/100000-J64)),"") | N64: =IFERROR(IF(OR(F64="RECHAZADO",F64="NO HÁBIL"),"RECHAZADO",F64),"") | O64: 22 | P64: =IFERROR(IF(VLOOKUP(O64,$L$43:$M$242,2,0)<=0,"RECHAZADO",VLOOKUP(O64,$L$43:$N$242,3,0)),"") | Q64: =IFERROR(VLOOKUP(O64,$B$43:$D$242,3,0),"") | T64: =IFERROR(IF(F64="rechazado",$H$24*10,ABS(F64-$H$38)),"")
B65: =+L65 | C65: 23 | G65: =IF(ISTEXT(F65),"",F65/1000) | H65: =IF(OR(E65="",F65=""),"", IFERROR( IF( IF(F65="NO ES TENIDO EN CUENTA",0, IF(F65="NO CUMPLE","NO CUMPLE", IF(F65="RECHAZADO","RECHAZADO", IF(F65="",0, IF(OR(AND($F$38="MEDIA ARITMETICA ALTA",F65<=$H$38)),$H$25*(1-ABS($H$38-F65)/$H$38), IF(AND($F$38="MEDIA ARITMETICA ALTA",F65>$H$38),$H$25*(1-2*ABS($H$38-F65)/$H$38), IF(T65=$T$42,$H$25, $H$25*(1-ABS($H$38-F65)/$H$38))))))))<0, 0, IF(F65="NO ES TENIDO EN CUENTA",0, IF(F65="NO CUMPLE","NO CUMPLE", IF(F65="RECHAZADO","RECHAZADO", IF(F65="",0, IF(OR(AND($F$38="MEDIA ARITMETICA ALTA",F65<=$H$38)),$H$25*(1-ABS($H$38-F65)/$H$38), IF(AND($F$38="MEDIA ARITMETICA ALTA",F65>$H$38),$H$25*(1-2*ABS($H$38-F65)/$H$38), IF(T65=$T$42,$H$25, $H$25*(1-ABS($H$38-F65)/$H$38)))))))) ), "Revisar Error")) | J65: =+D65/10000000000000 -> #VALUE! | L65: =IFERROR(RANK(M65,$M$43:$M$242,0),"") | M65: =IFERROR(IF(E65="","",IF(ISTEXT(F65),0-J65,F65/100000-J65)),"") | N65: =IFERROR(IF(OR(F65="RECHAZADO",F65="NO HÁBIL"),"RECHAZADO",F65),"") | O65: 23 | P65: =IFERROR(IF(VLOOKUP(O65,$L$43:$M$242,2,0)<=0,"RECHAZADO",VLOOKUP(O65,$L$43:$N$242,3,0)),"") | Q65: =IFERROR(VLOOKUP(O65,$B$43:$D$242,3,0),"") | T65: =IFERROR(IF(F65="rechazado",$H$24*10,ABS(F65-$H$38)),"")
B66: =+L66 | C66: 24 | G66: =IF(ISTEXT(F66),"",F66/1000) | H66: =IF(OR(E66="",F66=""),"", IFERROR( IF( IF(F66="NO ES TENIDO EN CUENTA",0, IF(F66="NO CUMPLE","NO CUMPLE", IF(F66="RECHAZADO","RECHAZADO", IF(F66="",0, IF(OR(AND($F$38="MEDIA ARITMETICA ALTA",F66<=$H$38)),$H$25*(1-ABS($H$38-F66)/$H$38), IF(AND($F$38="MEDIA ARITMETICA ALTA",F66>$H$38),$H$25*(1-2*ABS($H$38-F66)/$H$38), IF(T66=$T$42,$H$25, $H$25*(1-ABS($H$38-F66)/$H$38))))))))<0, 0, IF(F66="NO ES TENIDO EN CUENTA",0, IF(F66="NO CUMPLE","NO CUMPLE", IF(F66="RECHAZADO","RECHAZADO", IF(F66="",0, IF(OR(AND($F$38="MEDIA ARITMETICA ALTA",F66<=$H$38)),$H$25*(1-ABS($H$38-F66)/$H$38), IF(AND($F$38="MEDIA ARITMETICA ALTA",F66>$H$38),$H$25*(1-2*ABS($H$38-F66)/$H$38), IF(T66=$T$42,$H$25, $H$25*(1-ABS($H$38-F66)/$H$38)))))))) ), "Revisar Error")) | J66: =+D66/10000000000000 -> #VALUE! | L66: =IFERROR(RANK(M66,$M$43:$M$242,0),"") | M66: =IFERROR(IF(E66="","",IF(ISTEXT(F66),0-J66,F66/100000-J66)),"") | N66: =IFERROR(IF(OR(F66="RECHAZADO",F66="NO HÁBIL"),"RECHAZADO",F66),"") | O66: 24 | P66: =IFERROR(IF(VLOOKUP(O66,$L$43:$M$242,2,0)<=0,"RECHAZADO",VLOOKUP(O66,$L$43:$N$242,3,0)),"") | Q66: =IFERROR(VLOOKUP(O66,$B$43:$D$242,3,0),"") | T66: =IFERROR(IF(F66="rechazado",$H$24*10,ABS(F66-$H$38)),"")
B67: =+L67 | C67: 25 | G67: =IF(ISTEXT(F67),"",F67/1000) | H67: =IF(OR(E67="",F67=""),"", IFERROR( IF( IF(F67="NO ES TENIDO EN CUENTA",0, IF(F67="NO CUMPLE","NO CUMPLE", IF(F67="RECHAZADO","RECHAZADO", IF(F67="",0, IF(OR(AND($F$38="MEDIA ARITMETICA ALTA",F67<=$H$38)),$H$25*(1-ABS($H$38-F67)/$H$38), IF(AND($F$38="MEDIA ARITMETICA ALTA",F67>$H$38),$H$25*(1-2*ABS($H$38-F67)/$H$38), IF(T67=$T$42,$H$25, $H$25*(1-ABS($H$38-F67)/$H$38))))))))<0, 0, IF(F67="NO ES TENIDO EN CUENTA",0, IF(F67="NO CUMPLE","NO CUMPLE", IF(F67="RECHAZADO","RECHAZADO", IF(F67="",0, IF(OR(AND($F$38="MEDIA ARITMETICA ALTA",F67<=$H$38)),$H$25*(1-ABS($H$38-F67)/$H$38), IF(AND($F$38="MEDIA ARITMETICA ALTA",F67>$H$38),$H$25*(1-2*ABS($H$38-F67)/$H$38), IF(T67=$T$42,$H$25, $H$25*(1-ABS($H$38-F67)/$H$38)))))))) ), "Revisar Error")) | J67: =+D67/10000000000000 -> #VALUE! | L67: =IFERROR(RANK(M67,$M$43:$M$242,0),"") | M67: =IFERROR(IF(E67="","",IF(ISTEXT(F67),0-J67,F67/100000-J67)),"") | N67: =IFERROR(IF(OR(F67="RECHAZADO",F67="NO HÁBIL"),"RECHAZADO",F67),"") | O67: 25 | P67: =IFERROR(IF(VLOOKUP(O67,$L$43:$M$242,2,0)<=0,"RECHAZADO",VLOOKUP(O67,$L$43:$N$242,3,0)),"") | Q67: =IFERROR(VLOOKUP(O67,$B$43:$D$242,3,0),"") | T67: =IFERROR(IF(F67="rechazado",$H$24*10,ABS(F67-$H$38)),"")
... B242: =+L242 | C242: 200 | G242: =IF(ISTEXT(F242),"",F242/1000) | H242: =IF(OR(E242="",F242=""),"", IFERROR( IF( IF(F242="NO ES TENIDO EN CUENTA",0, IF(F242="NO CUMPLE","NO CUMPLE", IF(F242="RECHAZADO","RECHAZADO", IF(F242="",0, IF(OR(AND($F$38="MEDIA ARITMETICA ALTA",F242<=$H$38)),$H$25*(1-ABS($H$38-F242)/$H$38), IF(AND($F$38="MEDIA ARITMETICA ALTA",F242>$H$38),$H$25*(1-2*ABS($H$38-F242)/$H$38), IF(T242=$T$42,$H$25, $H$25*(1-ABS($H$38-F242)/$H$38))))))))<0, 0, IF(F242="NO ES TENIDO EN CUENTA",0, IF(F242="NO CUMPLE","NO CUMPLE", IF(F242="RECHAZADO","RECHAZADO", IF(F242="",0, IF(OR(AND($F$38="MEDIA ARITMETICA ALTA",F242<=$H$38)),$H$25*(1-ABS($H$38-F242)/$H$38), IF(AND($F$38="MEDIA ARITMETICA ALTA",F242>$H$38),$H$25*(1-2*ABS($H$38-F242)/$H$38), IF(T242=$T$42,$H$25, $H$25*(1-ABS($H$38-F242)/$H$38)))))))) ), "Revisar Error")) | J242: =+D242/10000000000000 -> #VALUE! | L242: =IFERROR(RANK(M242,$M$43:$M$242,0),"") | M242: =IFERROR(IF(E242="","",IF(ISTEXT(F242),0-J242,F242/100000-J242)),"") | N242: =IFERROR(IF(OR(F242="RECHAZADO",F242="NO HÁBIL"),"RECHAZADO",F242),"") | O242: 200 | P242: =IFERROR(IF(VLOOKUP(O242,$L$43:$M$242,2,0)<=0,"RECHAZADO",VLOOKUP(O242,$L$43:$N$242,3,0)),"") | Q242: =IFERROR(VLOOKUP(O242,$B$43:$D$242,3,0),"") | T242: =IFERROR(IF(F242="rechazado",$H$24*10,ABS(F242-$H$38)),"")
C244: Estado de la Ponderación
C245: Indicador | H245: Cantidad
G246: Número total de propuestas descartadas | H246: =COUNTIF(H43:H242,"RECHAZADO") -> 0
G247: Número de propuestas inferiores o iguales al estadistico de ponderación | H247: =COUNTIF(F43:F242,"<="&H38) -> 7
G248: Número de propuestas superiores al estadistico de ponderación | H248: =COUNTIF(F43:F242,">"&H38) -> 6
G249: Número propuesta con mayor ponderación | H249: =IF(H18=0,"",DGET(D41:H242,1,H252:H253)) -> 9
G250: Propuesta con mayor ponderación | H250: =IF(H18=0,"",DGET(D41:H242,2,H252:H253)) -> J&G CONSULTORIA SAS
H252: PUNTAJE POR EXPERIENCIA DE LA PROPUESTA
H253: =MAX(H43:H242) -> 67.75

Sheet RESUMEN
B2: CONCEPTO DEL COMITÉ
B3: Una vez revisados los documentos adjuntos por los proponentes singulares y plurales participantes en el presente proceso de selección, el comité evaluador en pleno considera y concluye lo siguiente:
C4: PROPONENTE | D4: CONCLUSIÓN | E4: PUNTAJE
B5: P.1 | C5: =+'R. PUNTAJES'!D14 -> VALLEJO H INGENIEROS CONSULTORES CONSTRUCTORES S.A.S. - BIC | D5: =+'R. PUNTAJES'!H14 -> CUMPLE | E5: =+SUM('R. PUNTAJES'!I14:R14) -> 99.024817
B6: P.2 | C6: =+'R. PUNTAJES'!D15 -> GRUPO INTECON S.A.S. | D6: =+'R. PUNTAJES'!H15 -> CUMPLE | E6: =+SUM('R. PUNTAJES'!I15:R15) -> 95.628242
B7: P.3 | C7: =+'R. PUNTAJES'!D16 -> AIM ENGINEERING S.A.S | D7: =+'R. PUNTAJES'!H16 -> CUMPLE | E7: =+SUM('R. PUNTAJES'!I16:R16) -> 79.858225
B8: P.4 | C8: =+'R. PUNTAJES'!D17 -> ICONSULTING S.A.S. | D8: =+'R. PUNTAJES'!H17 -> CUMPLE | E8: =+SUM('R. PUNTAJES'!I17:R17) -> 93.445965
B9: P.5 | C9: =+'R. PUNTAJES'!D18 -> CONSORCIO CANCHAS CM-008-2026 | D9: =+'R. PUNTAJES'!H18 -> CUMPLE | E9: =+SUM('R. PUNTAJES'!I18:R18) -> 54.447602
B10: P.6 | C10: =+'R. PUNTAJES'!D19 -> CONSTRUCCIONES E INVERSIONES ASOCIATIVAS | D10: =+'R. PUNTAJES'!H19 -> CUMPLE | E10: =+SUM('R. PUNTAJES'!I19:R19) -> 31.25
B11: P.7 | C11: =+'R. PUNTAJES'!D20 -> UT SCS INGES MICROFUTBOL | D11: =+'R. PUNTAJES'!H20 -> CUMPLE | E11: =+SUM('R. PUNTAJES'!I20:R20) -> 89.363737
B12: P.8 | C12: =+'R. PUNTAJES'!D21 -> INTEROBRAS ER SAS | D12: =+'R. PUNTAJES'!H21 -> CUMPLE | E12: =+SUM('R. PUNTAJES'!I21:R21) -> 93.159316
B13: P.9 | C13: =+'R. PUNTAJES'!D22 -> J&G CONSULTORIA SAS | D13: =+'R. PUNTAJES'!H22 -> CUMPLE | E13: =+SUM('R. PUNTAJES'!I22:R22) -> 100
B14: P.10 | C14: =+'R. PUNTAJES'!D23 -> SOLUCIONES INTEGRALES DE INGENIERIA S.A. - SODINSA S.A. | D14: =+'R. PUNTAJES'!H23 -> CUMPLE | E14: =+SUM('R. PUNTAJES'!I23:R23) -> 75.43029
B15: P.11 | C15: =+'R. PUNTAJES'!D24 -> NOGAALL S.A.S | D15: =+'R. PUNTAJES'!H24 -> CUMPLE | E15: =+SUM('R. PUNTAJES'!I24:R24) -> 97.624702
B16: P.12 | C16: =+'R. PUNTAJES'!D25 -> INGENIERÍA ESTEC TECNOLÓGICA S.A.S. | D16: =+'R. PUNTAJES'!H25 -> CUMPLE | E16: =+SUM('R. PUNTAJES'!I25:R25) -> 57.145889
B17: P.13 | C17: =+'R. PUNTAJES'!D26 -> LOS CASTORES CONSTRUCTORES S.A.S | D17: =+'R. PUNTAJES'!H26 -> CUMPLE | E17: =+SUM('R. PUNTAJES'!I26:R26) -> 74.413334
